 Dungeon Crawl Stone Soup version 0.31-a0-1134-gb247575874 (webtiles) character file.

Game seed: 15070911967418907055

17592492 magipi the Bringer of Light (level 27, 199/199 HPs)
             Began as a Gargoyle Berserker on Nov 20, 2023.
             Was the Champion of the Shining One.
             Escaped with the Orb
             ... and 15 runes on Dec 5, 2023!
             The game lasted 07:10:02 (87546 turns).

magipi the Bringer of Light (Gargoyle Berserker)   Turns: 87546, Time: 07:10:04

Health: 199/199    AC: 66    Str: 19    XL:     27
Magic:  36/36      EV: 21    Int:  9    God:    the Shining One [******]
Gold:   9538       SH: 17    Dex: 15    Spells: 49/52 levels left

rFire   + + .        a - +8 trishula (holy)
rCold   + + .        K - +2 kite shield {reflect}
rNeg    + + +        z - +11 gold dragon scales
rPois   ∞            A - +1 helmet
rElec   +            D - +1 cloak of Starlight {*Dazzle EV+4 Stlth--}
rCorr   .            G - +1 pair of gloves {hurl}
SInv    .            X - +3 pair of seven-league boots {Rampage+∞}
Will    ++++.        r - amulet of Vitality {RegenMP++ Regen++} Stlth
                     m - ring "Sofihum" {rF+ rC+ Will++ Int-3 Slay+5}
HPRegen 2.93/turn    v - +5 ring of evasion
MPRegen 1.05/turn

%: reflection, rampage+∞
@: flying, glowing
A: sickness immunity, AC +20, big wings, negative energy resistance 1,
electricity resistance, torment resistance 1, petrification resistance, clumsy
1, deformed body, deterioration 1, low MP 1, sense surroundings 1, regeneration
1, screaming 1, weak 2, subdued magic 1, persistent drain
0: Orb of Zot
}: 15/15 runes: serpentine, barnacled, slimy, silver, golden, iron, obsidian,
icy, bone, abyssal, demonic, glowing, magical, fiery, dark
a: Renounce Religion, Divine Shield, Cleansing Flame, Summon Divine Warrior


You escaped.
You worshipped the Shining One.
The Shining One was exalted by your worship.
You visited 18 branches of the dungeon, and saw 88 of its levels.
You visited Pandemonium 2 times, and saw 17 of its levels.
You visited the Abyss 2 times.
You also visited: Ice Cave.

You collected 15626 gold pieces.
You spent 6088 gold pieces at shops.

Inventory:

Hand Weapons
 a - a +8 trishula of holy wrath (weapon) (the Shining One gifted it to you on level 2 of the Crypt)
 b - a +5 broad axe of electrocution
   (You took it off a deep elf sorcerer on level 3 of the Elven Halls)
Missiles
 c - 9 curare-tipped darts
 h - 5 throwing nets
 x - 9 javelins
 P - 25 silver javelins (quivered)
Armour
 z - +11 gold dragon scales (worn)
   (You found it on level 1 of the Vaults)
 A - a +1 helmet (worn)
   (You found it on level 6 of the Dungeon)
 D - the +1 cloak of Starlight (worn) {*Dazzle EV+4 Stlth--}
   (You found it on level 5 of the Vaults)

   *Dazzle:   It may blind those who miss an attack against the wearer in melee
   combat.
   EV+4:      It affects your evasion (+4).
   Stlth--:   It makes you much less stealthy.
 G - a +1 pair of gloves of hurling (worn)
   (You found it in Pandemonium)
 K - a +2 kite shield of reflection (worn)
   (You took it off a demonspawn warmonger in Pandemonium)
 X - the +3 pair of seven-league boots (worn) {Rampage+∞}
   (You acquired it on level 5 of the Lair of Beasts)

   Rampage+∞: When moving toward enemies, its wearer moves as far as possible,
   alerting their target en route.
Jewellery
 f - the ring "Baloax" {+Blink rF+ Str+3}
   (You bought it in a shop on level 4 of the Snake Pit)

   [ring of protection from fire]

   Str+3:     It affects your strength (+3).
   rF+:       It protects you from fire.
   +Blink:    It lets you blink.
 i - a ring of see invisible
   (You bought it in a shop on level 2 of the Orcish Mines)
 m - the ring "Sofihum" (left hand) {rF+ rC+ Will++ Int-3 Slay+5}
   (You acquired it on level 1 of the Crypt)

   [ring of protection from fire]

   Int-3:     It affects your intelligence (-3).
   Slay+5:    It affects your accuracy & damage with ranged weapons and melee
   (+5).
   rF+:       It protects you from fire.
   rC+:       It protects you from cold.
   Will++:    It greatly increases your willpower.
 o - a ring of resist corrosion
   (You took it off a deep elf pyromancer on level 1 of the Orcish Mines)
 r - the amulet of Vitality (around neck) {RegenMP++ Regen++}
   (You found it on level 5 of the Pits of Slime)

   [amulet of magic regeneration]

   RegenMP:   It increases your rate of magic regeneration.
   Regen++:   It increases your rate of health regeneration.
 v - a +5 ring of evasion (right hand)
   (You found it on level 10 of the Dungeon)
Wands
 d - a wand of digging (1)
   (You found it on level 5 of the Vaults)
 k - a wand of mindburst (28)
   (You found it on level 2 of the Shoals)
 N - a wand of acid (29)
   (You found it on level 11 of the Dungeon)
 Q - a wand of iceblast (36)
   (You found it on level 2 of the Snake Pit)
 U - a wand of paralysis (43)
   (You found it on level 2 of the Lair of Beasts)
 W - a wand of polymorph (21)
   (You found it on level 5 of the Lair of Beasts)
Scrolls
 g - 12 scrolls of teleportation
 j - 8 scrolls of fear
 q - 6 scrolls of revelation
 s - a scroll of immolation
 C - 3 scrolls of blinking
 I - 5 scrolls of silence
 J - 2 scrolls of fog
 M - 11 scrolls of vulnerability
Potions
 e - 2 potions of might
 l - 3 potions of ambrosia
 p - 17 potions of heal wounds
 t - 8 potions of enlightenment
 u - 8 potions of magic
 w - 2 potions of resistance
 B - a potion of haste
 E - 14 potions of lignification
 O - 5 potions of cancellation
 S - 23 potions of curing
 Z - 11 potions of mutation
Miscellaneous
 n - a figurine of a ziggurat
 y - a phial of floods
   (You found it on level 1 of the Shoals)
 L - a tin of tremorstones (2/2)
   (You found it on level 10 of the Dungeon)
 R - a box of beasts
   (You found it on level 13 of the Dungeon)


   Skills:
 O Level 27 Fighting
 - Level 15.9(18.0) Axes
 - Level 14.0(17.0) Polearms
 - Level 16.0 Throwing
 + Level 25.9 Armour
 + Level 20.7 Dodging
 - Level 20.0 Shields
 - Level 13.0 Spellcasting
 - Level 12.0 Translocations
 O Level 27 Invocations
 O Level 27 Evocations


You had 49 spell levels left.
You knew the following spells:

 Your Spells              Type           Power      Damage    Failure   Level
a - Apportation           Tloc           42%        N/A       1%          1
b - Blink                 Tloc           42%        N/A       1%          2

Your spell library contained the following spells:

 Spells                   Type           Power      Damage    Failure   Level
 Lesser Beckoning         Tloc           42%        N/A       1%          2
 Gell's Gravitas          Tloc           21%        N/A       3%          3
 Teleport Other           Tloc           21%        N/A       3%          3
 Manifold Assault         Tloc           21%        N/A       12%         4
 Passage of Golubria      Tloc           21%        N/A       12%         4
 Momentum Strike          Conj/Tloc      24%        3d8       22%         2
 Volatile Blastmotes      Fire/Tloc      24%        2d12      41%         3
 Dimensional Bullseye     Hex/Tloc       6%         N/A       83%         4
 Iskenderun's Mystic Bla  Conj/Tloc      12%        2d5       83%         4
 Vhi's Electric Charge    Tloc/Air       24%        N/A       83%         4
 Foxfire                  Conj/Fire      16%        2x1d4     87%         1
 Kiss of Death            Conj/Necr      16%        2d6       87%         1
 Magic Dart               Conj           16%        1d3       87%         1
 Necrotise                Necr           16%        1d4       87%         1
 Sandblast                Erth           8%         2d5       87%         1
 Shock                    Conj/Air       16%        1d4       87%         1
 Sting                    Tmut/Pois      16%        1d3       87%         1
 Summon Small Mammal      Summ           16%        N/A       87%         1
 Ensorcelled Hibernation  Hex/Ice        8%         N/A       95%         2
 Jinxbite                 Hex            8%         N/A       95%         2
 Passwall                 Tmut/Erth      3%         N/A       95%         2
 Poisonous Vapours        Pois/Air       8%         N/A       95%         2
 Scorch                   Fire           8%         2d5       95%         2
 Searing Ray              Conj           8%         2d4       95%         2
 Wereblood                Tmut           4%         N/A       95%         2
 Call Canine Familiar     Summ           4%         N/A       99%         3
 Frozen Ramparts          Ice            8%         1d2       99%         3
 Ignite Poison            Fire/Tmut/Pois 4%         N/A       99%         3
 Inner Flame              Hex/Fire       4%         N/A       99%         3
 Ozocubu's Armour         Ice            4%         N/A       99%         3
 Sigil of Binding         Hex            4%         N/A       99%         3
 Stone Arrow              Conj/Erth      8%         3d7       99%         3
 Summon Guardian Golem    Hex/Summ       4%         N/A       99%         3
 Swiftness                Air            4%         N/A       99%         3
 Tukima's Dance           Hex            4%         N/A       99%         3
 Vampiric Draining        Necr           4%         2d6       99%         3
 Summon Forest            Summ/Tloc      6%         N/A       99%         5
 Airstrike                Air            2%         2d(1-17)  100%        4
 Anguish                  Hex/Necr       2%         N/A       100%        4
 Animate Armour           Summ/Erth      8%         N/A       100%        4
 Animate Dead             Necr           4%         N/A       100%        4
 Brom's Barrelling Bould  Conj/Erth      4%         2d3       100%        4
 Cause Fear               Hex            2%         N/A       100%        4
 Flame Wave               Conj/Fire      4%         2d5       100%        4
 Fulminant Prism          Conj/Hex       2%         3d5       100%        4
 Leda's Liquefaction      Hex/Erth       2%         N/A       100%        4
 Olgreb's Toxic Radiance  Pois           4%         N/A       100%        4
 Petrify                  Tmut/Erth      4%         N/A       100%        4
 Sticky Flame             Conj/Fire      4%         2d3       100%        4
 Summon Ice Beast         Ice/Summ       4%         N/A       100%        4
 Agony                    Necr           4%         N/A       100%        5
 Alistair's Intoxication  Tmut/Pois      2%         N/A       100%        5
 Arcjolt                  Conj/Air       2%         1d12      100%        5
 Borgnjor's Vile Clutch   Necr/Erth      2%         N/A       100%        5
 Fireball                 Conj/Fire      2%         3d4       100%        5
 Freezing Cloud           Conj/Ice/Air   2%         6-21      100%        5
 Irradiate                Conj/Tmut      2%         3d12      100%        5
 Iskenderun's Battlesphe  Conj           4%         2d6       100%        5
 Lee's Rapid Deconstruct  Erth           2%         3d4*      100%        5
 Metabolic Englaciation   Hex/Ice        2%         N/A       100%        5
 Silence                  Hex/Air        2%         N/A       100%        5
 Summon Mana Viper        Hex/Summ       4%         N/A       100%        5
 Yara's Violent Unravell  Hex/Tmut       2%         3d3       100%        5
 Bombard                  Conj/Erth      2%         9d1       100%        6
 Death Channel            Necr           2%         N/A       100%        6
 Simulacrum               Ice/Necr       2%         N/A       100%        6
 Summon Cactus Giant      Summ           2%         N/A       100%        6
 Enfeeble                 Hex            2%         N/A       100%        7
 Malign Gateway           Summ/Tloc      6%         N/A       100%        7
 Monstrous Menagerie      Summ           2%         N/A       100%        7
 Orb of Destruction       Conj           2%         9d5       100%        7
 Ozocubu's Refrigeration  Ice            2%         4d7       100%        7
 Spellforged Servitor     Conj/Summ      2%         N/A       100%        7
 Summon Hydra             Summ           2%         N/A       100%        7
 Borgnjor's Revivificati  Necr           2%         N/A       100%        8
 Discord                  Hex            2%         N/A       100%        8
 Ignition                 Fire           2%         3d3       100%        8
 Infestation              Necr           2%         N/A       100%        8
 Lehudib's Crystal Spear  Conj/Erth      2%         10d2      100%        8
 Maxwell's Capacitive Co  Air            2%         ∞         100%        8
 Summon Horrible Things   Summ           2%         N/A       100%        8
 Death's Door             Necr           2%         N/A       100%        9
 Dragon's Call            Summ           2%         N/A       100%        9
 Fire Storm               Conj/Fire      2%         8d1       100%        9
 Polar Vortex             Ice            2%         N/A       100%        9
 Cigotuvi's Dreadful Rot  Necr/Pois/Air  Unusable   N/A       N/A         2
 Sublimation of Blood     Necr           Unusable   N/A       N/A         2

Dungeon Overview and Level Annotations

Branches:
Dungeon (15/15)            Temple (1/1) D:7            Lair (5/5) D:11
 Shoals (4/4) Lair:3        Snake (4/4) Lair:3        Slime (5/5) Lair:5
    Orc (2/2) D:9             Elf (3/3) Orc:2        Vaults (5/5) D:13
  Crypt (3/3) Vaults:2       Tomb (3/3) Crypt:3      Depths (4/4) D:15
   Hell (visited)             Dis (7/7) Hell            Geh (7/7) Hell
    Coc (7/7) Hell            Tar (7/7) Hell            Zot (5/5) Depths:4
  IceCv (visited)

Altars:
Ashenzari
Cheibriados
Dithmenos
Elyvilon
Fedhas
Gozag
Hepliaklqana
Kikubaaqudgha
Makhleb
Nemelex Xobeh
Okawaru
Qazlal
Ru
Trog
Uskayaw
Vehumet
Wu Jian
Xom
Yredelemnul
Zin
The Shining One
Jiyva
Lugonu

Shops:
D:9 :   Orc:2 !(=*   Elf:2 ((   Elf:3 ?   Shoals:2 =   Shoals:3 [:
Snake:3 :(:[   Snake:4 =   Vaults:2 *   Vaults:3 !   Vaults:4 ?   Depths:4 ::=

Portals:
Hell: Depths:1 Depths:2 Depths:3 Depths:4
Abyss: Shoals:1 Depths:3
Pandemonium: Depths:1 Depths:2
Ziggurat: Depths:2

Annotations:
Elf:2 3 runed translucent doors
Dis:7 Dispater
Zot:3 2 transporters, hackum's ghost, veteran TrFi


Innate Abilities, Weirdness & Mutations

You are immune to sickness and miasma.
Your stone body is resilient. (AC +20)
You are immune to poison.
Your large and strong wings let you fly.
You resist negative energy. (rN+)
You are resistant to electric shocks. (rElec)
You are resistant to unholy torment.
You are immune to petrification.
You are clumsy. (Dex -2)
Armour fits poorly on your strangely shaped body.
Your body sometimes deteriorates upon taking damage.
Your magical capacity is low. (-10% MP)
You passively map a small area around you.
Your natural rate of healing is unusually fast.
You occasionally shout uncontrollably at your foes.
You are very weak. (Str -4)
Your spells are a little easier to cast, but a little less powerful.
Your health recovers twice as slowly from being drained.


Message History

You puncture the daeva!
The daeva is moderately wounded.
The daeva hits you but does no damage. You block the daeva's attack.
The daeva blocks your attack.
The daeva is moderately wounded.
You block the daeva's attack. x2
The daeva blocks your attack.
The daeva is moderately wounded.
A sixfirhy comes into view.
Unknown command.
Unknown command.
You block the sixfirhy's attack. The daeva misses you.
You block the daeva's attack.
You fly upwards.
There is a stone staircase leading down here.
You are momentarily dazzled by a brilliant light.
The daeva hits you but does no damage. You block the daeva's attack.
Unknown command.
You hit the daeva.
The daeva is heavily wounded.
You block the daeva's attack.
The daeva hits you with a +4 eudemon blade of holy wrath!
Unknown command.
You hit the daeva.
The daeva is heavily wounded.
The daeva blocks your daeva's attack. x2
The daeva hits you but does no damage. You block the daeva's attack.
Unknown command.
You puncture the daeva!
The daeva is heavily wounded.
You hit the daeva but do no damage.
The daeva is heavily wounded.
Your daeva hits the daeva with a +5 scimitar of holy wrath!!
The daeva blocks your daeva's attack. You block the daeva's attack. x2
Unknown command.
You spit the daeva like a pig!!!
You kill the daeva!
Unknown command.
No target in view!
No target in view!
Unknown command.
Things that are here:
a +4 eudemon blade of holy wrath; a +0 tower shield What level of the Dungeon? (default 1, ? - help) Magic restored.
There is an open door here.
There is an open door here.
There is a stone staircase leading up here.
You fly upwards.
Your summoned ally is left behind.
There is a stone staircase leading down here.
There is an open door here.
There is a stone staircase leading up here.
You fly upwards.
There is a stone staircase leading down here.
An Orb Guardian comes into view.
You yell at the Orb Guardian!
The Orb Guardian attacks as it pursues you!
You block the Orb Guardian's attack.
The Orb Guardian attacks as it pursues you!
You block the Orb Guardian's attack.
There is a stone staircase leading up here.
You hit the Orb Guardian.
The Orb Guardian is lightly wounded.
The Orb Guardian hits you but does no damage.
You impale the Orb Guardian!!
The Orb Guardian is moderately wounded.
You block the Orb Guardian's attack.
You impale the Orb Guardian!!
The Orb Guardian is heavily wounded.
You block the Orb Guardian's attack.
You puncture the Orb Guardian!
The Orb Guardian is severely wounded.
The Orb Guardian hits you.
You impale the Orb Guardian!!
The Orb Guardian is almost dead.
The Orb Guardian hits you.
You hit the Orb Guardian but do no damage.
The Orb Guardian is almost dead.
The Orb Guardian hits you but does no damage.
You closely miss the Orb Guardian.
The Orb Guardian is almost dead.
You puncture the Orb Guardian!
You kill the Orb Guardian!
What level of the Dungeon? (default 1, ? - help)
You fly upwards.
There is a stone staircase leading down here.
There is a stone staircase leading up here.
You fly upwards.
There is a stone staircase leading down here.
You see here a +0 dagger.
There is an open door here.
There is a staircase leading out of the dungeon here.
Okay, then.
Unknown command.
Unknown command.
Okay, then.
Unknown command.
Unknown command.
Unknown command.
You have escaped!

..##.#######.###'###############.
.###.# #.# #.# #... .# #.#
#.###.## #.## .###.### #.##...#
#.# .......### #|##...# #.#
...###...# #.##...## #.# ...#
#.#.#####.....#### #.#
##)###.####...........###### #.#
#......'.......@.......'..###.#
##########...........####...^.#
#.#####.....#### #####.# #.#
##...## #.# #.# #.).# #.#
######.# #...# ###.# #......#
##.## #...# #.###### #.# #.###
#.# ##'# #.#


There were no monsters in sight!

Vanquished Creatures
  Cerebov (Pan)
  the Royal Jelly (Slime:5)
  Asmodeus (Geh:7)
  Ereshkigal (Tar:7)
  Gloorx Vloq (Pan)
  Mnoleg (Pan)
  the Serpent of Hell (Geh:7)
  Lom Lobon (Pan)
  4 dread liches
  8 orbs of fire
  5 ancient liches
  Mennas (Pan)
  6 royal mummies
  30 shard shrikes
  5 Killer Klowns
  Bai Suzhen (Shoals:3)
  Saint Roka (Vaults:3)
  12 caustic shrikes
  Xtahua (Vaults:4)
  3 curse toes
  12 golden dragons
  Geryon (Hell)
  5 profane servitors
  A pearl dragon (Abyss:3)
  11 bone dragons
  8 doom hounds
  11 Brimstone Fiends
  10 Tzitzimimeh
  An iron giant (Dis:7)
  7 electric golems
  15 tainted leviathans
  A spectral shard shrike (Tar:4)
  21 Ice Fiends
  10 liches
  15 tentacled monstrosities
  7 Hell Sentinels
  24 Orb Guardians
  2 hellephants
  18 titans
  21 searing wretches
  20 acid blobs
  9 sphinxes
  8 tentacled starspawn
  2 deep elf master archers (Elf:3)
  6 quicksilver dragons
  A pandemonium lord (Pan)
  9 death cobs
  A deep elf blademaster (Elf:3)
  19 Executioners (Pan)
  32 ancient champions
  Polyphemus (Shoals:1)
  The ghost of bmj180 the Destroyer, an adept HuCj of Sif Muna (Shoals:1)
  8 tengu reavers
  14 shadow dragons
  6 draconian monks
  Ilsuiw (Shoals:2)
  4 nagarajas
  13 azure jellies
  13 narguns
  21 storm dragons
  Kirke (D:12)
  6 revenants
  4 draconian knights
  A demonspawn warmonger (Pan)
  A daeva (D:5)
  22 rockslimes
  13 frost giants
  13 deep elf sorcerers
  A frost giant (shapeshifter) (Depths:2)
  10 fire giants
  18 vault wardens
  3 draconian scorchers
  4 quicksilver elementals
  26 balrugs
  2 iron dragons
  A spectral caustic shrike (Tar:1)
  An orc warlord (Vaults:4)
  3 ghost moths
  5 deep elf elementalists (Elf:3)
  5 shard shrike simulacra
  A juggernaut zombie (Depths:3)
  7 draconian shifters
  5 draconian stormcallers
  The ghost of AceOff the Cleaver, a journeyman MiFi of Okawaru (Snake:2)
  4 spriggan defenders
  49 stone giants
  5 curse skulls
  5 cacodemons
  21 very ugly things
  17 ironbound preservers
  4 demonspawn blood saints (Pan)
  4 quicksilver oozes
  7 draconian annihilators
  27 war gargoyles
  2 formless jellyfish
  10 reapers
  A quicksilver ooze (shapeshifter) (Depths:2)
  12 green draconians
  14 ironbound thunderhulks
  3 ghouls (Crypt:2)
  4 juggernaut skeletons
  30 elemental wellsprings
  A demonspawn corrupter (Pan)
  2 demonspawn black suns (Pan)
  9 putrid mouths
  6 deep elf demonologists
  22 vampire knights
  A bunyip (shapeshifter) (Depths:2)
  9 deep elf annihilators
  16 yellow draconians
  13 black draconians
  8 purple draconians
  9 lorocyprocas
  11 red draconians
  12 white draconians
  15 dire elephants
  Azrael (Snake:1)
  12 wendigos
  The ghost of Jeby the Frost Mage, a journeyman DrIE of Vehumet (D:13)
  6 bennus (Tomb:3)
  A dire elephant (shapeshifter) (Depths:2)
  An iron golem (Dis:1)
  6 merfolk javelineers (Shoals:4)
  8 eidola
  A crystal guardian (Vaults:4)
  14 mummy priests
  A spectral iron giant (Tar:4)
  10 green deaths
  2 entropy weavers (shapeshifter)
  A kraken zombie (Hell)
  14 deep elf death magi
  6 merfolk impalers
  2 spectral quicksilver dragons
  13 jiangshi
  18 ettins
  11 fire dragons
  7 blizzard demons
  A shambling mangrove (Abyss:3)
  A great orb of eyes (shapeshifter) (Vaults:5)
  2 spectral spriggans
  4 deep elf high priests
  12 ice dragons
  A fenstrider witch zombie (Crypt:1)
  4 rakshasas
  38 vault guards
  16 salamander tyrants
  2 peacekeepers (Vaults:4)
  2 ghost crabs (Abyss:3)
  15 great orbs of eyes
  A quicksilver dragon zombie (D:15)
  3 spriggan zombies
  7 hydras
  Erolcha (D:10)
  11 caustic shrike simulacra
  10 yaktaur captains
  A jorogumo (shapeshifter) (Depths:2)
  A bennu zombie (Crypt:2)
  10 stokers
  8 ironbound frosthearts
  3 boulder beetles
  2 ogre magi
  2 death knights
  3 spriggan air magi
  21 centaur warriors
  A spectral stone giant (Tar:1)
  A radroach (shapeshifter) (Depths:4)
  A merfolk avatar (Shoals:3)
  2 alligator snapping turtles
  6 merfolk aquamancers
  2 spriggan skeletons
  3 satyrs
  6 anacondas
  A catoblepas (Shoals:2)
  A titan zombie (Depths:3)
  An alligator (shapeshifter) (Depths:2)
  4 juggernaut simulacra
  20 two-headed ogres
  7 tengu warriors
  4 deep troll earth magi
  7 death yaks
  12 vampire magi
  35 hell hogs
  10 demonic crawlers (Pan)
  79 death scarabs
  17 naga warriors
  6 holy swine (Pan)
  12 naga sharpshooters
  6 thrashing horrors
  24 sun demons
  7 shock serpents
  A spectral naga (Tar:1)
  An orc high priest (Elf:2)
  A spectral dire elephant (Tar:5)
  9 deep elf knights
  7 hell knights
  An occultist (Pan)
  17 soul eaters
  7 crystal echidnas
  A storm dragon zombie (D:15)
  38 dancing weapons
  5 spriggan berserkers
  3 wretched stars
  2 titan skeletons
  A spectral bunyip (Tar:1)
  5 iron trolls
  27 shadow wraiths
  17 sixfirhies
  9 skysharks
  2 fire crabs (Abyss:3)
  46 skeletal warriors
  A storm dragon skeleton (Pan)
  9 salamander mystics
  2 orange crystal statues (IceCv)
  A bunyip zombie (Crypt:3)
  7 flayed ghosts
  6 sea snakes
  41 deep trolls
  A goliath frog (shapeshifter) (Depths:2)
  A deep troll (shapeshifter) (Depths:2)
  8 quicksilver dragon simulacra
  11 glowing orange brains
  5 shadow demons (Pan)
  A swamp dragon (Lair:5)
  4 obsidian statues (Depths:2)
  A lindwurm (shapeshifter) (Depths:2)
  4 spriggan simulacra
  A steelbarb worm (shapeshifter) (Vaults:5)
  11 arcanists
  A wolf spider zombie (Crypt:3)
  15 ironbound convokers
  Pikel (D:8)
  14 lindwurms
  12 deep elf archers
  13 necromancers
  9 orc knights
  5 naga ritualists
  12 phantasmal warriors
  23 deep elf zephyrmancers
  13 harpies
  3 shining eyes
  14 manticores
  An alligator zombie (Hell)
  7 mana vipers
  A frost giant zombie (Depths:3)
  32 deep elf pyromancers
  38 ugly things
  6 orc sorcerers
  A worldbinder (Abyss:3)
  A spectral ettin (Tar:2)
  A salamander (shapeshifter) (Vaults:5)
  23 salamanders
  A spectral centaur (Tar:2)
  20 fauns
  32 moths of wrath
  36 cyclopes
  A guardian serpent (shapeshifter) (Vaults:5)
  A naga zombie (Crypt:2)
  4 apocalypse crabs
  20 starcursed masses
  4 centaur zombies
  4 titan simulacra
  7 merfolk sirens
  A stone giant skeleton (Pan)
  A water nymph (shapeshifter) (Vaults:5)
  2 dire elephant zombies
  10 elephants
  An iron dragon skeleton (Crypt:1)
  4 molten gargoyles
  6 water nymphs
  36 black mambas
  21 naga magi
  2 rust devils
  20 smoke demons
  3 ice statues
  16 vault sentinels
  35 large abominations
  3 orange demons
  A formless jellyfish zombie (Crypt:2)
  13 cane toads
  3 naga skeletons
  35 hellions
  A black mamba (shapeshifter) (Abyss:2)
  4 sea snake zombies
  A dire elephant skeleton (Tomb:2)
  A centaur skeleton (Pan)
  An eye of devastation (Slime:5)
  5 unseen horrors
  Jeremiah (D:7)
  A gargoyle (D:13)
  36 yaktaurs
  2 alligator snapping turtle skeletons
  10 swamp worm zombies (Crypt:1)
  3 efreet
  A rime drake (Lair:2)
  A bunyip simulacrum (Coc:1)
  18 tormentors
  3 golden dragon simulacra
  4 ice devils
  4 iron giant simulacra
  7 komodo dragons
  15 freezing wraiths
  36 guardian mummies
  A harpy zombie (Crypt:2)
  A tengu conjurer (Depths:1)
  5 red devils
  2 hydra zombies
  A yellow draconian skeleton (Crypt:2)
  14 anaconda simulacra
  A silent spectre (Crypt:1)
  A queen bee (Depths:2)
  A spectral harpy (Tar:2)
  25 polar bears
  13 merfolk
  8 ancient zymes
  3 meliai (D:14)
  2 harpy skeletons
  2 burning bushes (Lair:3)
  6 hornets
  A polar bear (shapeshifter) (Depths:2)
  A great orb of eyes zombie (Crypt:3)
  11 wind drakes
  A hornet (shapeshifter) (Elf:2)
  20 trolls
  16 raiju
  2 alligator simulacra (IceCv)
  3 blink frogs (Lair:5)
  11 hellwings (Pan)
  4 dream sheep (Shoals:1)
  3 glass eyes
  A tarantella zombie (Crypt:1)
  2 stone giant simulacra
  A dream sheep (shapeshifter) (Depths:2)
  2 hydra skeletons
  2 iron dragon simulacra
  A spectral swamp dragon (Tar:1)
  A slime creature (shapeshifter) (Depths:2)
  26 flying skulls
  7 snapping turtles
  74 slime creatures
  3 shadows
  12 air elementals
  A centaur simulacrum (Tomb:2)
  An ice dragon skeleton (Crypt:3)
  A spriggan (Depths:3)
  6 wraiths
  11 ynoxinuls
  7 dire elephant simulacra
  An ettin skeleton (Crypt:1)
  23 water elementals
  3 vampires (Crypt:3)
  13 ushabtiu
  45 yaks
  An unseen horror simulacrum (D:10)
  7 basilisks
  3 fire bats (Pan)
  A golden eye (shapeshifter) (Vaults:5)
  5 wyverns
  3 hogs (D:12)
  10 fire elementals
  8 neqoxecs
  12 chaos spawn
  A golden eye (Slime:5)
  The ghost of Zgarb the Digger, an amateur DgEE (D:3)
  A steam dragon (Lair:1)
  An alligator snapping turtle simulacrum (Coc:1)
  11 vampire mosquitoes
  7 wargs
  A glowing shapeshifter zombie (Crypt:3)
  46 nagas
  15 harpy simulacra
  A swamp worm (shapeshifter) (Elf:1)
  6 acid dragons
  27 hell hounds
  Duvessa (D:4)
  2 hydra simulacra
  17 water moccasins
  20 orc warriors
  An ogre skeleton (Vaults:1)
  3 swamp drakes (Lair:5)
  4 sky beasts
  31 black bears
  5 ettin simulacra
  13 small abominations
  32 ogres
  20 centaurs
  8 boggarts
  27 wolves
  A phantom (D:5)
  15 bullfrogs
  2 kobold brigands
  A draconian zombie (Crypt:1)
  7 scorpions
  A glowing shapeshifter simulacrum (Vaults:1)
  A necrophage (Crypt:2)
  3 gnoll sergeants
  7 earth elementals
  8 wights
  A water moccasin skeleton (Crypt:1)
  Dowan (D:4)
  20 killer bees
  A yak skeleton (Crypt:1)
  3 lindwurm simulacra (IceCv)
  6 electric eels
  A wolf zombie (Crypt:1)
  A howler monkey (D:4)
  4 crimson imps (Pan)
  2 quasits
  A human simulacrum (Vaults:1)
  3 hounds
  2 iron imps (Abyss:3)
  24 orc priests
  6 jellies
  2 human zombies (Crypt:1)
  4 human skeletons (Crypt:1)
  8 iguanas
  2 sleepcaps
  A lightning spire (Zot:1)
  35 orc wizards
  An acid dragon skeleton (Crypt:1)
  19 mummies
  8 gnolls (D:10)
  7 adders
  A swamp drake skeleton (Crypt:3)
  3 shadow imps
  2 white imps
  5 ufetubi
  A jelly zombie (Crypt:3)
  3 worms
  3 dart slugs (D:4)
  107 orcs
  5 ball pythons
  7 endoplasms
  5 giant cockroaches
  5 goblins
  5 hobgoblins
  14 jackals
  6 quokkas
  A river rat zombie (Crypt:2)
  A ball python skeleton (Crypt:2)
  7 bats
  A dart slug zombie (Crypt:2)
  2 frilled lizards
  A frilled lizard skeleton (Crypt:3)
  A hobgoblin zombie (Crypt:3)
  A jackal skeleton (Crypt:1)
  20 kobolds
  4 rats
  3 ball lightnings (Depths:2)
  A creeping inferno (Geh:6)
  23 fire vortices
  3 lurking horrors
  5 starspawn tentacles (Abyss:3)
  3 tentacles
3847 creatures vanquished.

Vanquished Creatures (collateral kills)
  Antaeus (Coc:7)
  An ancient lich (Crypt:1)
  A juggernaut (Dis:7)
  6 royal mummies (Tomb:3)
  A pandemonium lord (Pan)
  2 liches (Crypt:1)
  A Hell Sentinel (Pan)
  A deep elf blademaster (Elf:3)
  3 Orb Guardians (Zot:5)
  A titan (Coc:7)
  An Executioner (Pan)
  Agnes (D:14)
  An ancient champion (Tomb:3)
  A demonspawn warmonger (Pan)
  A frost giant (Vaults:5)
  A fire giant (Geh:7)
  3 balrugs
  2 vault wardens (Vaults:1)
  3 cacodemons (Pan)
  Louise (Snake:4)
  A draconian shifter (Zot:1)
  A formless jellyfish (Shoals:4)
  An ironbound preserver (Vaults:1)
  An orc warlord (Vaults:1)
  A draconian annihilator (Crypt:1)
  A stone giant (Vaults:5)
  An ironbound thunderhulk (Vaults:3)
  A vampire knight (Depths:2)
  A deep elf demonologist (Crypt:1)
  A blizzard demon (Pan)
  2 merfolk javelineers (Shoals:2)
  2 red draconians (Zot:1)
  An ettin (Vaults:5)
  3 mummy priests (Tomb:3)
  A deep elf death mage (Elf:3)
  A yaktaur captain (Vaults:3)
  A vault guard (Vaults:3)
  A salamander tyrant (Geh:7)
  An ogre mage (Crypt:1)
  A satyr (Shoals:4)
  An occultist (Crypt:1)
  A sun demon (Pan)
  2 skeletal warriors (Tomb:3)
  2 orc knights (Vaults:1)
  4 ironbound convokers
  2 harpies (Shoals:3)
  2 fauns
  3 large abominations (Pan)
  4 merfolk sirens
  2 vault sentinels
  A smoke demon (Pan)
  2 water nymphs (Shoals:4)
  An orange demon (Pan)
  A komodo dragon (shapeshifter) (Vaults:5)
  A kobold demonologist (Crypt:1)
  A hellion (Geh:7)
  A harpy zombie (Tomb:3)
  6 guardian mummies (Tomb:3)
  A wind drake (Shoals:4)
  3 hellwings (Pan)
  4 flying skulls (Tomb:3)
  2 slime creatures (Vaults:1)
  A water elemental (Shoals:4)
  A fire bat (Pan)
  A ynoxinul (Pan)
  6 neqoxecs (Pan)
  3 mummies (Tomb:3)
  An orc (Vaults:3)
117 creatures vanquished.

Vanquished Creatures (others)
  A shard shrike (Coc:6)
  A golden dragon (Zot:4)
  An Ice Fiend (Coc:7)
  A lich (Depths:3)
  An eldritch tentacle (Pan)
  An ancient champion (Crypt:2)
  A kraken (Abyss:3)
  A nargun (Coc:6)
  A fire giant (Geh:1)
  A draconian shifter (Zot:3)
  A shard shrike simulacrum (Coc:4)
  2 draconian stormcallers
  A demonspawn blood saint (Pan)
  A vampire knight (Depths:2)
  2 wendigos
  An elemental wellspring (Coc:6)
  A blizzard demon (Pan)
  A caustic shrike simulacrum (Coc:7)
  3 juggernaut simulacra
  A centaur warrior (D:13)
  A demonic crawler (Pan)
  4 occultists (Pan)
  A sun demon (Pan)
  2 deep elf knights
  An arcanist (Pan)
  A necromancer (Crypt:1)
  A molten gargoyle (Geh:7)
  An ice statue (Coc:7)
  A tengu conjurer (Elf:1)
  An iron giant simulacrum (Coc:7)
  A merfolk (Shoals:4)
  3 hellwings (Pan)
  An iron dragon simulacrum (Coc:4)
  A water elemental (Elf:2)
  2 dire elephant simulacra (Coc:7)
  2 naga simulacra
  A neqoxec (Pan)
  A human (Crypt:1)
  2 harpy simulacra
  A hydra simulacrum (Coc:6)
  2 ettin simulacra
  A centaur (D:13)
  2 orc wizards
  An orc (D:12)
  4 ball lightnings (Depths:2)
  3 creeping infernos
  2 fire vortices
  A lurking horror (Abyss:3)
  18 starspawn tentacles
  10 tentacles
97 creatures vanquished.

Grand Total: 4061 creatures vanquished

Notes
Turn   | Place    | Note
-------+----------+-------------------------------------------
     0 | D:1      | magipi the Gargoyle Berserker began the quest for the Orb.
     0 | D:1      | Reached XP level 1. HP: 14/14 MP: 1/1
    31 | D:1      | Found a faded altar of an unknown god.
   293 | D:1      | Reached XP level 2. HP: 19/19 MP: 2/2
   786 | D:2      | Reached XP level 3. HP: 23/23 MP: 3/3
  1029 | D:2      | Reached ** piety under Trog
  1147 | D:2      | You fall into a shaft and drop 1 floor!
  1174 | D:3      | Reached XP level 4. HP: 26/29 MP: 4/4
  1222 | D:3      | Noticed a scorpion
  1246 | D:3      | Killed a scorpion
  1247 | D:3      | Reached XP level 5. HP: 21/33 MP: 5/5
  1864 | D:3      | Noticed Zgarb's ghost (amateur DgEE)
  1864 | D:3      | Found a runed translucent door.
  1934 | D:3      | Reached skill level 1 in Shields
  2472 | D:4      | Reached *** piety under Trog
  2617 | D:4      | Found a basalt altar of Yredelemnul.
  2664 | D:4      | Reached XP level 6. HP: 36/38 MP: 6/6
  3024 | D:4      | Noticed Dowan
  3030 | D:5      | Entered Level 5 of the Dungeon
  3054 | D:5      | Reached XP level 7. HP: 44/44 MP: 7/7
  3190 | D:5      | Reached skill level 5 in Polearms
  3218 | D:5      | Reached skill level 5 in Fighting
  3363 | D:5      | Reached XP level 8. HP: 49/49 MP: 8/8
  3594 | D:5      | Found a white marble altar of Elyvilon.
  3828 | D:5      | Reached **** piety under Trog
  4316 | D:5      | Found a stormy altar of Qazlal.
  4601 | D:5      | Reached skill level 5 in Armour
  4819 | D:6      | Found a sparkling altar of Nemelex Xobeh.
  4832 | D:6      | Reached XP level 9. HP: 42/55 MP: 9/9
  4925 | D:6      | Reached ***** piety under Trog
  5409 | D:7      | Identified the +1 scale mail of Freedom {rF- Regen+ Dex+3
                  | Slay+3}
  5531 | D:4      | Killed Dowan
  5531 | D:4      | Noticed Duvessa
  5537 | D:4      | Killed Duvessa
  6104 | D:7      | Identified the +1 glaive of Boizist {heavy, rElec rPois}
                  | (Trog gifted it to you on level 7 of the Dungeon)
  6104 | D:7      | Received a gift from Trog
  6201 | D:7      | Found a staircase to the Ecumenical Temple.
  6217 | Temple   | Entered the Ecumenical Temple
  6337 | D:7      | Noticed Jeremiah
  6368 | D:7      | Killed Jeremiah
  6369 | D:7      | Reached skill level 5 in Dodging
  6369 | D:7      | Reached XP level 10. HP: 34/63 MP: 10/10
  6592 | D:8      | Noticed Pikel
  6600 | D:8      | Killed Pikel
  7131 | D:8      | Reached skill level 1 in Throwing
  7569 | D:9      | Noticed a tengu warrior
  7569 | D:9      | Noticed a tengu warrior
  7591 | D:9      | Killed a tengu warrior
  7604 | D:9      | Killed a tengu warrior
  7605 | D:9      | Reached XP level 11. HP: 69/69 MP: 11/11
  7893 | D:9      | Received a gift from Trog
  7978 | D:9      | Found Tearalil's Book Shop.
  8449 | D:9      | Found an iron altar of Okawaru.
  8449 | D:9      | Found a shimmering altar of Xom.
  8798 | D:9      | Found a staircase to the Orcish Mines.
  8875 | D:10     | Entered Level 10 of the Dungeon
  9161 | D:10     | Noticed a two-headed ogre
  9179 | D:10     | Killed a two-headed ogre
  9180 | D:10     | Reached skill level 10 in Polearms
  9393 | D:10     | Noticed Erolcha
  9449 | D:10     | Killed Erolcha
  9526 | D:10     | Identified the +1 glaive of Chaos {speed, rF+ Str+4}
  9644 | D:10     | Noticed a centaur warrior
  9644 | D:10     | Noticed a deep elf pyromancer
  9645 | D:10     | Noticed a centaur warrior
  9653 | D:10     | Killed a centaur warrior
  9655 | D:10     | Killed a deep elf pyromancer
  9708 | D:10     | Killed a centaur warrior
  9739 | D:10     | Noticed a cyclops
  9747 | D:10     | Killed a cyclops
  9750 | D:10     | Noticed a boulder beetle
  9750 | D:10     | Noticed a cyclops
  9750 | D:10     | Noticed a green ugly thing
 10007 | D:10     | Noticed an entropy weaver
 10025 | D:10     | Killed an entropy weaver
 10026 | D:10     | Reached XP level 12. HP: 59/76 MP: 12/12
 10131 | D:10     | Noticed a stone giant
 10166 | D:10     | Killed a stone giant
 10194 | D:10     | Noticed a deep elf knight
 10233 | D:9      | HP: 1/115 [something/shard of ice (25)]
 10240 | D:9      | Killed a deep elf knight
 10445 | D:10     | Killed a boulder beetle
 10567 | D:10     | Reached skill level 10 in Fighting
 10943 | D:11     | Reached skill level 5 in Throwing
 11289 | D:11     | Found a staircase to the Lair.
 11734 | D:11     | Reached skill level 1 in Evocations
 11764 | D:11     | Noticed a two-headed ogre
 11771 | D:11     | Killed a two-headed ogre
 11884 | D:11     | Noticed a fire dragon
 11895 | D:11     | Killed a fire dragon
 11928 | D:11     | Noticed a two-headed ogre
 12009 | D:11     | Killed a two-headed ogre
 12010 | D:11     | Reached skill level 10 in Armour
 12010 | D:11     | Reached XP level 13. HP: 83/83 MP: 13/13
 12339 | Lair:1   | Entered Level 1 of the Lair of Beasts
 13516 | Lair:2   | Identified the +1 robe of the Butcher {Harm Will- MP+9
                  | Int+2}
 14071 | Lair:3   | Found a staircase to the Snake Pit.
 14485 | Lair:3   | Found a staircase to the Shoals.
 14972 | Lair:3   | Upgraded the game from 0.31-a0-1042-ga9834b393d to
                  | 0.31-a0-1059-g83d41fd8b6
 15009 | Lair:3   | Gained mutation: Your large and strong wings let you fly.
                  | [Gargoyle growth]
 15009 | Lair:3   | Reached XP level 14. HP: 49/90 MP: 14/14
 15310 | Lair:4   | Received a gift from Trog
 16189 | Lair:5   | Entered Level 5 of the Lair of Beasts
 16291 | Lair:5   | Found a staircase to the Slime Pits.
 16291 | Lair:5   | Found a viscous altar of Jiyva.
 16509 | Lair:5   | Reached skill level 5 in Evocations
 16697 | Lair:5   | Reached ****** piety under Trog
 17219 | Lair:5   | Received a gift from Trog
 17457 | Lair:5   | Identified a scroll of acquirement
 17459 | Lair:5   | Acquired a manual of Throwing
 17488 | Lair:5   | Reached XP level 15. HP: 89/96 MP: 15/15
 17650 | Lair:5   | Acquired the +3 pair of seven-league boots {Rampage+∞}
 17650 | Lair:5   | Found the +3 pair of seven-league boots {Rampage+∞}
 17879 | Orc:1    | Entered Level 1 of the Orcish Mines
 18408 | Orc:2    | Entered Level 2 of the Orcish Mines
 18573 | Orc:1    | Received a gift from Trog
 18722 | Orc:1    | Reached skill level 10 in Throwing
 18722 | Orc:1    | Reached skill level 10 in Dodging
 18782 | Orc:2    | Found Oqiuhirph's General Store.
 18840 | Orc:2    | Found a staircase to the Elven Halls.
 18841 | Orc:2    | Paralysed by an ogre mage for 5 turns
 18867 | Orc:2    | Found Juebbist's Jewellery Emporium.
 18873 | Orc:2    | Bought a scroll of identify for 24 gold pieces
 18876 | Orc:2    | Found Bytopt's Antique Weapon Shop.
 18877 | Orc:2    | Found Foik's Distillery.
 18970 | Orc:2    | Bought a potion of curing for 48 gold pieces
 18970 | Orc:2    | Bought a potion of degeneration for 16 gold pieces
 18970 | Orc:2    | Bought a potion of mutation for 128 gold pieces
 18970 | Orc:2    | Bought a potion of might for 64 gold pieces
 19388 | Orc:2    | Bought a ring of see invisible for 210 gold pieces
 19712 | D:12     | Received a gift from Trog
 19876 | D:12     | Noticed Kirke
 19900 | D:12     | Killed Kirke
 20622 | D:13     | Found a transporter.
 20625 | D:13     | Noticed Jeby's ghost (journeyman DrIE)
 20628 | D:13     | Noticed a storm dragon
 20733 | D:13     | Reached XP level 16. HP: 101/101 MP: 16/16
 20750 | D:13     | Reached skill level 10 in Evocations
 21071 | D:13     | Found a gate to the Vaults.
 21197 | D:13     | Found a transporter.
 21356 | D:14     | Noticed Agnes
 21640 | D:14     | Received a gift from Trog
 21666 | D:14     | Found a snail-covered altar of Cheibriados.
 22079 | D:14     | Killed Agnes
 22529 | D:15     | Entered Level 15 of the Dungeon
 22936 | D:15     | Found a staircase to the Depths.
 23641 | Shoals:1 | Entered Level 1 of the Shoals
 23659 | Shoals:1 | Received a gift from Trog
 23973 | Shoals:1 | Found a runed translucent door.
 23973 | Shoals:1 | Found a shimmering altar of Xom.
 23973 | Shoals:1 | Noticed bmj180's ghost (adept HuCj)
 23985 | Shoals:1 | Reached XP level 17. HP: 101/110 MP: 17/17
 24183 | Shoals:1 | Found a runed translucent door.
 24193 | Shoals:1 | Found a corrupted altar of Lugonu.
 24196 | Shoals:1 | Found a one-way gate to the infinite horrors of the Abyss.
 24321 | Shoals:2 | Noticed Ilsuiw
 24408 | Shoals:2 | Found Gieme's Jewellery Shoppe.
 24454 | Shoals:2 | Noticed Polyphemus
 24479 | Shoals:1 | Killed Polyphemus
 24865 | Shoals:2 | Killed Ilsuiw
 25146 | Shoals:2 | Received a gift from Trog
 25363 | Shoals:3 | Found Suuzuicvi's Self-Improvement Boutique.
 25376 | Shoals:3 | Bought a manual of Shields for 1520 gold pieces
 25530 | Shoals:3 | Reached skill level 5 in Shields
 25600 | Shoals:3 | Found Peej's Antique Armour Shoppe.
 25851 | Shoals:3 | Noticed Bai Suzhen
 25870 | Shoals:3 | Killed Bai Suzhen
 25880 | Shoals:3 | Reached skill level 15 in Evocations
 26077 | Shoals:4 | Entered Level 4 of the Shoals
 26254 | Shoals:3 | Reached skill level 10 in Shields
 26455 | Shoals:4 | Upgraded the game from 0.31-a0-1059-g83d41fd8b6 to
                  | 0.31-a0-1068-g5939ac1fb6
 26618 | Shoals:4 | Paralysed by an air elemental for 1 turns
 26623 | Shoals:4 | Paralysed by an air elemental for 1 turns
 26680 | Shoals:4 | Received a gift from Trog
 27192 | Shoals:4 | Reached XP level 18. HP: 110/116 MP: 18/18
 27610 | Shoals:4 | Got a barnacled rune of Zot
 27863 | Shoals:4 | Paralysed by an air elemental for 1 turns
 27875 | Shoals:4 | Paralysed by an air elemental for 1 turns
 27886 | Shoals:4 | Received a gift from Trog
 28043 | Shoals:1 | Killed bmj180's ghost
 28063 | Shoals:1 | Identified the staff of Koxzatezi {rF+ Dex+3 Fire}
 28342 | Snake:1  | Entered Level 1 of the Snake Pit
 29031 | Snake:1  | Noticed Azrael
 29043 | Snake:1  | Killed Azrael
 29796 | Snake:2  | Reached skill level 15 in Shields
 29939 | Snake:2  | Received a gift from Trog
 30232 | Snake:2  | Reached skill level 15 in Throwing
 30252 | Snake:2  | Found a runed translucent door.
 30253 | Snake:2  | Noticed AceOff's ghost (journeyman MiFi)
 30438 | Snake:3  | Found Ymel's Weapon Shoppe.
 30460 | Snake:3  | Found Jikasat's Antique Armour Emporium.
 30460 | Snake:3  | Found Lung's Book Shoppe.
 30463 | Snake:3  | Found Qeluap's Book Emporium.
 30799 | Snake:3  | Reached XP level 19. HP: 120/121 MP: 19/19
 31319 | Snake:4  | Entered Level 4 of the Snake Pit
 31646 | Snake:4  | Identified the +7 spear "Duge" {heavy, rF+ Str+4} (Trog
                  | gifted it to you on level 4 of the Snake Pit)
 31646 | Snake:4  | Received a gift from Trog
 31753 | Snake:4  | Found Pigoh's Jewellery Shop.
 32195 | Snake:4  | Noticed Louise
 32207 | Snake:4  | Killed Louise
 32894 | Snake:4  | Got a serpentine rune of Zot
 32975 | Snake:4  | Received a gift from Trog
 33321 | Elf:1    | Entered Level 1 of the Elven Halls
 33732 | Elf:1    | Paralysed by an air elemental for 1 turns
 33742 | Elf:1    | Paralysed by an air elemental for 1 turns
 33790 | Elf:1    | Received a gift from Trog
 34088 | Elf:1    | Identified the +6 long sword "Tewnoxtu" {freeze, rPois}
 34405 | Elf:1    | Paralysed by an air elemental for 1 turns
 35201 | Elf:2    | Found Mimibbog's Antique Weapon Shoppe.
 35299 | Elf:2    | Reached XP level 20. HP: 124/127 MP: 20/20
 35378 | Elf:2    | Found Udozuukub's Antique Weapon Boutique.
 35607 | Elf:2    | Found Duqosmir's Vocational Training.
 35611 | Elf:2    | Received a gift from Trog
 35812 | Elf:2    | Found a runed translucent gate.
 35813 | Elf:2    | Found a runed translucent gate.
 35813 | Elf:2    | Found a runed translucent gate.
 36064 | Elf:3    | Entered Level 3 of the Elven Halls
 36121 | Elf:3    | Found a frozen archway.
 36156 | IceCv    | Entered an ice cave
 36209 | IceCv    | Reached skill level 15 in Armour
 36353 | IceCv    | Identified the staff "Dyuci" {*Slow rN+ Str+4 Earth}
 36442 | Elf:2    | Bought a manual of Evocations for 1040 gold pieces
 36543 | Elf:3    | Found Orats's Magic Scroll Shop.
 36546 | Elf:3    | Bought a scroll of blinking for 90 gold pieces
 36546 | Elf:3    | Bought a scroll of teleportation for 36 gold pieces
 37122 | Elf:3    | Received a gift from Trog
 37131 | Elf:3    | Noticed a Brimstone Fiend
 37133 | Elf:3    | Reached skill level 15 in Fighting
 37332 | Elf:3    | Identified the +2 pair of gloves of Beyond {*Slow rPois rN+
                  | rCorr}
 37345 | Elf:3    | Got the Reference Book on Nightshade
 37352 | Elf:3    | Identified the +6 mace of the New World {freeze, Stlth+}
 37799 | Vaults:1 | Entered Level 1 of the Vaults
 37924 | Vaults:1 | Received a gift from Trog
 38173 | Vaults:1 | Reached XP level 21. HP: 136/136 MP: 21/21
 38367 | Vaults:1 | HP: 1/136 [ironbound frostheart/creeping frost (18)]
 38516 | Vaults:1 | Received a gift from Trog
 38964 | Vaults:1 | Noticed a golden dragon
 38985 | Vaults:1 | Killed a golden dragon
 40876 | Vaults:2 | Found a staircase to the Crypt.
 41223 | Vaults:2 | Found Zubeidd's General Store.
 41231 | Vaults:2 | Bought 5 boomerangs for 120 gold pieces
 41231 | Vaults:2 | Bought a potion of curing for 36 gold pieces
 41231 | Vaults:2 | Bought a scroll of teleportation for 36 gold pieces
 41231 | Vaults:2 | Bought a scroll of teleportation for 36 gold pieces
 41416 | Vaults:3 | Received a gift from Trog
 41679 | Vaults:3 | Reached XP level 22. HP: 146/146 MP: 22/22
 42329 | Vaults:3 | Noticed Saint Roka
 42365 | Vaults:3 | Killed Saint Roka
 42408 | Vaults:3 | Found Weyxt's Distillery.
 42755 | Vaults:4 | Received a gift from Trog
 42979 | Vaults:4 | Found Hilev's Magic Scroll Shop.
 43118 | Vaults:4 | Noticed Xtahua
 43136 | Vaults:4 | Killed Xtahua
 43356 | Vaults:4 | Identified the staff of Beofef {Fly rC+ Ice}
 43515 | Vaults:4 | Received a gift from Trog
 44100 | Vaults:4 | Identified the +8 battleaxe of Noejun {drain, rPois Str+2
                  | Int-2 Stlth+}
 44383 | Depths:1 | Entered Level 1 of the Depths
 44490 | Depths:1 | Found a one-way gate leading to the halls of Pandemonium.
 44499 | Depths:1 | Reached XP level 23. HP: 145/155 MP: 23/23
 44545 | Depths:1 | Found a sparkling altar of Nemelex Xobeh.
 44702 | Depths:1 | Found a gateway to Hell.
 45451 | Depths:2 | Identified the +3 short sword "Hisim" {freeze, +Blink Int+6
                  | Stlth+}
 45788 | Depths:2 | Reached skill level 15 in Dodging
 45858 | Depths:2 | Paralysed by an air elemental for 1 turns
 46207 | Elf:2    | Bought a manual of Invocations for 1040 gold pieces
 46606 | Depths:2 | Reached skill level 1 in Invocations
 46803 | Depths:2 | Paralysed by an air elemental for 1 turns
 46839 | Depths:2 | Reached skill level 5 in Invocations
 46844 | Depths:2 | Received a gift from Trog
 47094 | Depths:2 | Found a one-way gateway to a ziggurat.
 47159 | Depths:2 | Identified the ring "Nixyaqiu" {rPois AC+4 Int-5 Dex+2}
 47336 | Depths:3 | Noticed an ancient lich
 47340 | Depths:3 | Killed an ancient lich
 47341 | Depths:3 | Reached skill level 10 in Invocations
 47395 | Depths:2 | Received a gift from Trog
 47533 | Depths:3 | Got the Almanac of Cadavers
 47738 | Depths:3 | Reached XP level 24. HP: 155/163 MP: 32/32
 47752 | Depths:3 | Identified the +0 arbalest of Amortisation {drain, Will-
                  | Str+6}
 48549 | Depths:3 | Found a runed translucent door.
 48551 | Depths:3 | Found a runed translucent door.
 48553 | Depths:3 | Found a runed translucent door.
 48569 | Depths:3 | Reached skill level 15 in Invocations
 48718 | Depths:3 | Identified the +2 rapier of Desperation {elec, rPois Dex+2}
 48724 | Depths:3 | Identified the staff "Woixutya" {rElec Will+ Int+2 Air}
 48804 | Depths:4 | Entered Level 4 of the Depths
 48965 | Depths:4 | Found Tatozear's Jewellery Shoppe.
 48965 | Depths:4 | Found Uskussea's Book Boutique.
 48966 | Depths:4 | Found Yreorgh's Book Boutique.
 48974 | Depths:4 | Bought an amulet of reflection for 660 gold pieces
 49067 | Depths:4 | Found a runed translucent door.
 49158 | Depths:4 | Received a gift from Trog
 49366 | Depths:4 | Found a gate to the Realm of Zot.
 50016 | Vaults:5 | Entered Level 5 of the Vaults
 50471 | Snake:4  | Bought the ring "Baloax" {+Blink rF+ Str+3} for 634 gold
                  | pieces
 50993 | Vaults:5 | Received a gift from Trog
 51273 | Vaults:5 | Identified the +1 hand axe of Purpose {heavy, rF+}
 51500 | Vaults:5 | Found the +1 cloak of Starlight {*Dazzle EV+4 Stlth--}
 51672 | Vaults:5 | Noticed a dread lich
 51689 | Vaults:5 | Killed a dread lich
 51790 | Vaults:5 | Reached XP level 25. HP: 168/168 MP: 36/36
 52251 | Vaults:5 | Noticed an ancient lich
 52278 | Vaults:5 | Identified the +3 shortbow "Ahuakuri" {freeze, rElec}
 52416 | Vaults:5 | Killed an ancient lich
 52467 | Vaults:5 | Identified the +4 trident "Mugoly" {flame, Str+3 Dex+2}
                  | (Trog gifted it to you on level 5 of the Vaults)
 52467 | Vaults:5 | Received a gift from Trog
 52993 | Vaults:5 | Identified the +6 ring mail of a wizard's laboratory {Fly}
 53209 | Vaults:5 | Identified the +0 broad axe of Reinforcement {flame, rElec
                  | rF+ rN+ Stlth-}
 54085 | Vaults:5 | Got a silver rune of Zot
 54611 | Slime:1  | Entered Level 1 of the Pits of Slime
 54726 | Slime:1  | Identified the +1 dire flail of Pisoasips {heavy, rPois
                  | Dex+3} (Trog gifted it to you on level 1 of the Pits of
                  | Slime)
 54726 | Slime:1  | Received a gift from Trog
 54874 | Slime:1  | Gained mutation: Your spells are a little easier to cast,
                  | but a little less powerful. [a shining eye]
 55088 | Slime:5  | Entered Level 5 of the Pits of Slime
 55267 | Slime:5  | Found a viscous altar of Jiyva.
 55297 | Slime:5  | Noticed the Royal Jelly
 55313 | Slime:5  | Killed the Royal Jelly
 55500 | Slime:5  | Found the amulet of Vitality {RegenMP++ Regen++}
 55528 | Slime:5  | Got Vehumet's Spellbook of Bruises
 55543 | Slime:5  | Identified the +6 morningstar of Woe {freeze, rC+ Will+
                  | Int+8}
 55561 | Slime:5  | Got a slimy rune of Zot
 55674 | Slime:5  | Acquired a manual of Evocations
 56282 | Zot:1    | Entered Level 1 of the Realm of Zot
 56340 | Depths:4 | Reached skill level 1 in Axes
 56974 | Zot:1    | Reached XP level 26. HP: 143/174 MP: 37/37
 56983 | Zot:1    | Reached skill level 5 in Axes
 57636 | Zot:1    | Noticed an orb of fire
 57944 | Zot:1    | Gained mutation: You occasionally lose the ability to read
                  | scrolls when taking damage. [an orb of fire]
 57953 | Zot:1    | Gained mutation: Armour fits poorly on your strangely
                  | shaped body. [an orb of fire]
 57958 | Zot:1    | Killed an orb of fire
 58858 | Zot:2    | Lost mutation: Armour fits poorly on your strangely shaped
                  | body. [potion of mutation]
 58858 | Zot:2    | Lost mutation: Your spells are a little easier to cast, but
                  | a little less powerful. [potion of mutation]
 58858 | Zot:2    | Gained mutation: You are dopey. (Int -2) [potion of
                  | mutation]
 58858 | Zot:2    | Gained mutation: You have a pair of small horns on your
                  | head. [potion of mutation]
 58858 | Zot:2    | Gained mutation: Your body sometimes deteriorates upon
                  | taking damage. [potion of mutation]
 58859 | Zot:2    | Lost mutation: You are dopey. (Int -2) [potion of mutation]
 58859 | Zot:2    | Lost mutation: You have a pair of small horns on your head.
                  | [potion of mutation]
 58859 | Zot:2    | Gained mutation: You possess an exceptional clarity of
                  | mind. [potion of mutation]
 58859 | Zot:2    | Gained mutation: You are partially covered in iridescent
                  | scales. (AC +2) [potion of mutation]
 58860 | Zot:2    | Lost mutation: You possess an exceptional clarity of mind.
                  | [potion of mutation]
 58860 | Zot:2    | Lost mutation: Your body sometimes deteriorates upon taking
                  | damage. [potion of mutation]
 58861 | Zot:2    | Lost mutation: You occasionally lose the ability to read
                  | scrolls when taking damage. [potion of mutation]
 58861 | Zot:2    | Lost mutation: You are partially covered in iridescent
                  | scales. (AC +2) [potion of mutation]
 58861 | Zot:2    | Gained mutation: Your mind is acute. (Int +4, Str/Dex -1)
                  | [potion of mutation]
 58861 | Zot:2    | Gained mutation: You are partially covered in iridescent
                  | scales. (AC +2) [potion of mutation]
 58861 | Zot:2    | Gained mutation: You expend magic power (3 MP) to
                  | strengthen your wands. [potion of mutation]
 59103 | Temple   | Fell from the grace of Trog
 59103 | Temple   | Became a worshipper of the Shining One
 59355 | Crypt:1  | Entered Level 1 of the Crypt
 59377 | Crypt:1  | Reached * piety under the Shining One
 59445 | Crypt:1  | Reached ** piety under the Shining One
 59572 | Crypt:1  | Reached skill level 10 in Axes
 59632 | Crypt:1  | Reached *** piety under the Shining One
 59742 | Crypt:1  | Reached **** piety under the Shining One
 59918 | Crypt:1  | Learned a level 1 spell: Apportation
 59921 | Crypt:1  | Learned a level 2 spell: Blink
 60222 | Crypt:1  | Reached skill level 1 in Spellcasting
 60593 | Crypt:1  | Reached skill level 1 in Translocations
 60708 | Crypt:1  | Reached ***** piety under the Shining One
 60769 | Crypt:1  | Paralysed by Trog for 5 turns
 60858 | Crypt:2  | Found an ancient bone altar of Kikubaaqudgha.
 61114 | Crypt:2  | Reached skill level 5 in Spellcasting
 61119 | Crypt:2  | Reached ****** piety under the Shining One
 61132 | Crypt:2  | Identified a +8 trishula of holy wrath (a +6 demon trident
                  | of electrocution blessed by the Shining One)
 61132 | Crypt:2  | Received a gift from the Shining One
 61636 | Orc:2    | Bought a ring of willpower for 350 gold pieces
 62172 | Crypt:3  | Entered Level 3 of the Crypt
 62532 | Crypt:3  | Found a staircase to the Tomb.
 62653 | Crypt:3  | Reached skill level 5 in Translocations
 62975 | Crypt:3  | Reached XP level 27. HP: 179/179 MP: 37/37
 63074 | Crypt:3  | Found a basalt altar of Yredelemnul.
 63127 | Crypt:3  | Found an ancient bone altar of Kikubaaqudgha.
 63202 | Crypt:3  | Got the Atlas of Crystalline Necromantic Mysteries
 63225 | Crypt:3  | Identified the ring of Ilaxe {Fly Str+3 Int+3}
 63231 | Crypt:3  | Got the Lectures on Rot
 63774 | D:3      | Killed Zgarb's ghost
 64044 | D:13     | Killed Jeby's ghost
 64228 | Shoals:1 | Reached skill level 10 in Spellcasting
 64358 | Snake:2  | Killed AceOff's ghost
 64361 | Snake:2  | Identified the +0 robe "Otegruom" {Slay+3}
 64749 | Crypt:1  | Found a runed door.
 64905 | Crypt:1  | Noticed an ancient lich
 64918 | Crypt:1  | Killed an ancient lich
 64933 | Crypt:1  | Identified the ring "Tieniwok" {rN+ Str+4}
 65045 | Crypt:1  | Acquired the ring "Sofihum" {rF+ rC+ Will++ Int-3 Slay+5}
 65062 | Crypt:1  | Acquired 1035 gold pieces
 65077 | Crypt:1  | Upgraded the game from 0.31-a0-1068-g5939ac1fb6 to
                  | 0.31-a0-1074-g0b22e4e0f1
 65702 | Depths:4 | Reached skill level 10 in Translocations
 66614 | Zot:2    | Identified the +2 ring mail "Forget-Me-Not" {Dex+3}
 67349 | Zot:2    | Upgraded the game from 0.31-a0-1074-g0b22e4e0f1 to
                  | 0.31-a0-1082-g7d1fb776a8
 67407 | Hell     | Entered the Vestibule of Hell
 67407 | Hell     | Noticed Geryon
 67431 | Hell     | Killed Geryon
 67582 | Hell     | Found a gateway to the decaying netherworld of Tartarus.
 67679 | Hell     | Found a gateway to the ashen valley of Gehenna.
 67757 | Hell     | Found a gateway to the Iron City of Dis.
 67839 | Hell     | Paralysed by Trog for 5 turns
 67854 | Hell     | Found a gateway to the freezing wastes of Cocytus.
 68031 | Depths:3 | Was forgiven by Trog
 68379 | Tomb:1   | Entered Level 1 of the Tomb of the Ancients
 68830 | Tomb:1   | Noticed a royal mummy
 68845 | Tomb:1   | Killed a royal mummy
 69300 | Tomb:1   | Upgraded the game from 0.31-a0-1082-g7d1fb776a8 to
                  | 0.31-a0-1091-g283494c966
 69661 | Pan      | Entered Pandemonium
 69747 | Pan      | Entered the realm of Gloorx Vloq.
 70293 | Pan      | Noticed Gloorx Vloq
 70321 | Pan      | Killed Gloorx Vloq
 70335 | Pan      | Got a dark rune of Zot
 70504 | Pan      | Entered the realm of Cerebov.
 70683 | Pan      | Found the +6 sword of Cerebov {flame}
 70683 | Pan      | Noticed Cerebov
 70720 | Pan      | Killed Cerebov
 70760 | Pan      | Got the Collected Works on Arcane Weapons
 70783 | Pan      | Got a fiery rune of Zot
 70829 | Pan      | Identified the staff "Tudiof" {rPois rC+ Str-4 Stlth+ Ice}
 70830 | Pan      | Identified the +2 war axe "Covuv" {flame, rC+}
 70854 | Pan      | Identified the +0 plate armour of Jyekk {Fly Regen+ Stlth-}
 70856 | Pan      | Identified the +8 orcbow of the Genius {drain, rElec Int+3}
 70860 | Pan      | Identified the staff "Goblinslayer" {rElec rPois rF- rC+++
                  | rN+ Necro}
 70880 | Pan      | Identified the +4 scale mail of Curiosity {rN+ MP+9}
 70902 | Pan      | Got the Parchment of the Coward
 70908 | Pan      | Identified the +8 war axe of the Orcish Mines {venom, Dex+4
                  | SInv}
 70965 | Pan      | Found an exit through the horrors of the Abyss.
 71259 | Pan      | Gained mutation: You are frail. (-10% HP) [a neqoxec]
 71260 | Pan      | Lost mutation: Your mind is acute. (Int +4, Str/Dex -1) [a
                  | neqoxec]
 71320 | Pan      | Entered the realm of Lom Lobon.
 71320 | Pan      | Noticed Lom Lobon
 71421 | Pan      | Found an exit through the horrors of the Abyss.
 71585 | Pan      | Killed Lom Lobon
 71653 | Pan      | Got a magical rune of Zot
 71778 | Pan      | Noticed Raisudaem the pandemonium lord
 71788 | Pan      | Killed Raisudaem the pandemonium lord
 71812 | Pan      | Noticed Ycewiecar the pandemonium lord
 71873 | Pan      | Entered the realm of Mnoleg.
 71873 | Pan      | Noticed Mnoleg
 71904 | Pan      | Killed Mnoleg
 71938 | Pan      | Gained mutation: You are clumsy. (Dex -2) [a cacodemon]
 71955 | Pan      | Got a glowing rune of Zot
 72213 | Pan      | Found an exit through the horrors of the Abyss.
 72228 | Pan      | Took an exit into the Abyss.
 72228 | Abyss:1  | Escaped into the Abyss
 72381 | Abyss:1  | Found a corrupted altar of Lugonu.
 72399 | Abyss:1  | Found a corrupted altar of Lugonu.
 72718 | Abyss:2  | Found a sacrificial altar of Ru.
 72735 | Depths:1 | Escaped the Abyss
 72741 | Pan      | Entered Pandemonium
 72830 | Pan      | Found a transporter.
 72975 | Pan      | Found a transporter.
 73070 | Pan      | Found an exit through the horrors of the Abyss.
 73237 | Pan      | Noticed Mennas
 73269 | Pan      | Killed Mennas
 73295 | Pan      | Found an exit through the horrors of the Abyss.
 73297 | Pan      | Noticed Rodd the pandemonium lord
 73311 | Pan      | Killed Rodd the pandemonium lord
 73931 | Pan      | Got a demonic rune of Zot
 73953 | Pan      | Took an exit into the Abyss.
 73953 | Abyss:2  | Escaped into the Abyss
 73970 | Abyss:3  | Found a radiant altar of Vehumet.
 74050 | Abyss:3  | Found a corrupted altar of Lugonu.
 74066 | Abyss:3  | Reached skill level 15 in Axes
 74227 | Abyss:3  | Found a corrupted altar of Lugonu.
 74318 | Abyss:3  | Gained mutation: You do not regenerate when monsters are
                  | visible. [a cacodemon]
 74841 | Abyss:3  | Got an abyssal rune of Zot
 74889 | Depths:1 | Escaped the Abyss
 74892 | Depths:1 | Upgraded the game from 0.31-a0-1091-g283494c966 to
                  | 0.31-a0-1096-g246cf0196b
 75249 | Tomb:2   | Noticed a royal mummy
 75438 | Tomb:3   | Entered Level 3 of the Tomb of the Ancients
 75453 | Tomb:3   | Noticed a royal mummy
 75457 | Tomb:3   | Noticed a royal mummy
 75458 | Tomb:3   | Noticed a royal mummy
 75472 | Tomb:3   | Noticed a royal mummy
 75497 | Tomb:3   | Killed a royal mummy
 75498 | Tomb:3   | Noticed a royal mummy
 75502 | Tomb:3   | Noticed a royal mummy
 75506 | Tomb:3   | Noticed a royal mummy
 75507 | Tomb:3   | Killed a royal mummy
 75517 | Tomb:3   | Killed a royal mummy
 75517 | Tomb:3   | Killed a royal mummy
 75612 | Tomb:3   | Killed a royal mummy
 75618 | Tomb:3   | Killed a royal mummy
 75621 | Tomb:3   | Killed a royal mummy
 75624 | Tomb:3   | Noticed a royal mummy
 75626 | Tomb:3   | Killed a royal mummy
 75628 | Tomb:3   | Noticed a royal mummy
 75629 | Tomb:3   | Killed a royal mummy
 75690 | Tomb:3   | Got Yni Xunoyst's Monograph on the Flock and Hypothermia
 75751 | Tomb:3   | Identified the amulet of Vodka {Faith *Slow rN+++ Int+2}
 75799 | Tomb:3   | Identified the ring "Zonufy" {rPois rF- Will+ MP+9 Int+6}
 75981 | Tomb:3   | Identified the +3 great sword of the Inferno {flame, Will-
                  | rCorr Int+2 Dex+3}
 76049 | Tomb:3   | Got a golden rune of Zot
 76529 | Hell     | Lost mutation: You are clumsy. (Dex -2) [potion of
                  | mutation]
 76529 | Hell     | Lost mutation: You do not regenerate when monsters are
                  | visible. [potion of mutation]
 76529 | Hell     | Lost mutation: You expend magic power (3 MP) to strengthen
                  | your wands. [potion of mutation]
 76529 | Hell     | Gained mutation: You are very frail. (-20% HP) [potion of
                  | mutation]
 76530 | Hell     | Lost mutation: You are very frail. (-20% HP) [potion of
                  | mutation]
 76530 | Hell     | Lost mutation: You are partially covered in iridescent
                  | scales. (AC +2) [potion of mutation]
 76530 | Hell     | Lost mutation: You are frail. (-10% HP) [potion of
                  | mutation]
 76530 | Hell     | Gained mutation: You are weak. (Str -2) [potion of
                  | mutation]
 76530 | Hell     | Gained mutation: Your mind is acute. (Int +4, Str/Dex -1)
                  | [potion of mutation]
 76530 | Hell     | Gained mutation: You passively map a small area around you.
                  | [potion of mutation]
 76585 | Geh:1    | Entered Level 1 of Gehenna
 76819 | Geh:4    | Noticed a dread lich
 76824 | Geh:4    | Killed a dread lich
 76973 | Geh:5    | Reached skill level 27 in Invocations
 77108 | Geh:7    | Entered Level 7 of Gehenna
 77110 | Geh:7    | Upgraded the game from 0.31-a0-1096-g246cf0196b to
                  | 0.31-a0-1098-g6898e6545c
 77226 | Geh:7    | Identified the staff "Veinacse" {rElec rPois rF+ Will+ Air}
 77267 | Geh:7    | Noticed the Serpent of Hell
 77275 | Geh:7    | Identified the +3 tower shield of Prudence {Rampage
                  | *Corrode Int+2}
 77289 | Geh:7    | Killed the Serpent of Hell
 77348 | Geh:7    | Identified the +1 shadow dragon scales of Skepticism {Dex+3
                  | Stlth++++}
 77418 | Geh:7    | Found the +13 sceptre of Asmodeus
 77418 | Geh:7    | Noticed Asmodeus
 77450 | Geh:7    | Killed Asmodeus
 77462 | Geh:7    | Got an obsidian rune of Zot
 77463 | Geh:7    | Identified the +10 quarterstaff of Vengeance {distort,
                  | rPois}
 77615 | Hell     | Upgraded the game from 0.31-a0-1098-g6898e6545c to
                  | 0.31-a0-1101-g9ad1905e61
 77643 | Coc:1    | Entered Level 1 of Cocytus
 78067 | Coc:7    | Entered Level 7 of Cocytus
 78115 | Coc:7    | Noticed an ancient lich
 78126 | Coc:7    | Killed an ancient lich
 78170 | Coc:7    | Paralysed by a wendigo for 1 turns
 78192 | Coc:7    | Paralysed by a wendigo for 1 turns
 78251 | Coc:7    | Paralysed by a wendigo for 1 turns
 78257 | Coc:7    | Paralysed by a wendigo for 1 turns
 78334 | Coc:7    | Reached skill level 27 in Fighting
 78385 | Coc:7    | Noticed Antaeus
 78417 | Coc:7    | Killed Antaeus
 78455 | Coc:7    | Got an icy rune of Zot
 78518 | Coc:7    | Identified the +0 plate armour "Qoddapal" {Harm Str-2 SInv}
 78557 | Coc:7    | Got the Papyrus of the Mutable Tempest
 78585 | Coc:7    | Identified the +5 chain mail of the Miller {Slay+2}
 78586 | Coc:7    | Identified the +2 chain mail of Light {Str+2 Dex+2}
 78699 | Tar:1    | Entered Level 1 of Tartarus
 79096 | Tar:7    | Entered Level 7 of Tartarus
 79206 | Tar:7    | Upgraded the game from 0.31-a0-1101-g9ad1905e61 to
                  | 0.31-a0-1118-gbca3d03946
 79346 | Tar:7    | Noticed Ereshkigal
 79635 | Tar:7    | Killed Ereshkigal
 79696 | Tar:7    | Got a bone rune of Zot
 79899 | Dis:1    | Entered Level 1 of the Iron City of Dis
 80100 | Dis:1    | You are sucked into a shaft and drop 1 floor!
 80320 | Dis:3    | Noticed a royal mummy
 80322 | Dis:3    | Noticed an ancient lich
 80338 | Dis:3    | Killed an ancient lich
 80340 | Dis:3    | Killed a royal mummy
 80341 | Dis:3    | Noticed an ancient lich
 80341 | Dis:3    | Noticed a royal mummy
 80347 | Dis:3    | Killed an ancient lich
 80367 | Dis:3    | Killed a royal mummy
 80576 | Dis:6    | Noticed a juggernaut
 80576 | Dis:6    | Noticed a juggernaut
 80594 | Dis:7    | Entered Level 7 of the Iron City of Dis
 81090 | Dis:7    | Noticed a juggernaut
 81105 | Dis:7    | Killed a juggernaut
 81105 | Dis:7    | Noticed Dispater
 81110 | Dis:7    | Got an iron rune of Zot
 81788 | Zot:5    | Entered Level 5 of the Realm of Zot
 82001 | Zot:5    | Noticed an orb of fire
 82016 | Zot:4    | Noticed an orb of fire
 82229 | Zot:4    | Gained mutation: You occasionally shout uncontrollably at
                  | your foes. [an orb of fire]
 82235 | Zot:4    | Killed an orb of fire
 83319 | Zot:3    | Found a transporter.
 83327 | Zot:3    | Noticed a dread lich
 83478 | Zot:3    | Found a transporter.
 83485 | Zot:3    | Noticed hackum's ghost (veteran TrFi)
 84183 | Zot:5    | Noticed an orb of fire
 84195 | Zot:4    | Gained mutation: Your spells are a little easier to cast,
                  | but a little less powerful. [an orb of fire]
 84200 | Zot:4    | Killed an orb of fire
 84215 | Zot:5    | Reached skill level 27 in Evocations
 84244 | Zot:5    | Noticed a dread lich
 84253 | Zot:5    | Killed a dread lich
 84264 | Zot:5    | Gained mutation: Your magical capacity is low. (-10% MP)
                  | [an orb of fire]
 84269 | Zot:5    | Gained mutation: You are clumsy. (Dex -2) [an orb of fire]
 84270 | Zot:5    | Gained mutation: Your spells are easier to cast, but less
                  | powerful. [an orb of fire]
 84273 | Zot:5    | Killed an orb of fire
 84801 | Zot:5    | Noticed an orb of fire
 84801 | Zot:5    | Lost mutation: Your mind is acute. (Int +4, Str/Dex -1) [an
                  | orb of fire]
 84867 | Zot:5    | Killed an orb of fire
 85291 | Zot:5    | Upgraded the game from 0.31-a0-1118-gbca3d03946 to
                  | 0.31-a0-1134-gb247575874
 85346 | Zot:5    | Noticed an orb of fire
 85346 | Zot:5    | Noticed a dread lich
 85346 | Zot:5    | Gained mutation: You are very weak. (Str -4) [an orb of
                  | fire]
 85348 | Zot:5    | Noticed an orb of fire
 85349 | Zot:5    | Gained mutation: Your body sometimes deteriorates upon
                  | taking damage. [an orb of fire]
 85787 | Zot:5    | Noticed an orb of fire
 85788 | Zot:5    | Gained mutation: Your natural rate of healing is unusually
                  | fast. [an orb of fire]
 85793 | Zot:5    | Lost mutation: Your spells are easier to cast, but less
                  | powerful. [an orb of fire]
 85797 | Zot:5    | Killed an orb of fire
 85823 | Zot:5    | Gained mutation: Armour fits poorly on your strangely
                  | shaped body. [an orb of fire]
 86238 | Zot:5    | Killed a dread lich
 86946 | Zot:5    | Killed an orb of fire
 86950 | Zot:5    | Gained mutation: Your health recovers twice as slowly from
                  | being drained. [an orb of fire]
 86955 | Zot:5    | Killed an orb of fire
 87045 | Zot:5    | Got the Orb of Zot
 87121 | Zot:4    | Noticed Ammimm the pandemonium lord
 87244 | Depths:4 | Noticed Enilanerr the pandemonium lord
 87546 | D:$      | Escaped with the Orb!

Illustrated notes

Levels and vault maps discovered:
D:1:      evilmike_arrival_plus, layout_loops_ring,
          ebering_ecumenical_altar_petrified
D:2:      layout_basic, minmay_misc_feat_pillars, ebering_dispersal_statue_hall,
          grunt_decor_clamped
D:3:      layout_basic, ebering_ghost_sewer_d, minmay_randomly_rotated_circles
D:4:      layout_basic, general_overflow_altar, uniq_duvessa
D:5:      layout_basic, nicolae_qazlal_eye_of_the_storm,
          overflow_temple_1_default
D:6:      layout_basic, nicolae_overflow_crystal_walls, kennysheep_crisscross,
          hangedman_abyss_or_decor_slice
D:7:      layout_gridville, minmay_temple_entry_offerings, kennysheep_path_1,
          uniq_jeremiah
D:8:      layout_basic, tgw_sif, serial_co_window_serial, co_window_paths_a,
          co_window_of_opportunity_a, co_window_paths_a,
          co_window_of_opportunity_a, co_window_corner_a, co_window_corner_b,
          co_window_2corner, co_window_broadway_b, co_window_of_opportunity_c,
          co_window_unsneaky_path_e, co_window_paths_c, co_window_paths_e,
          st_stairs_4, uniq_pikel
D:9:      layout_layer_cave, gammafunk_temple_overflow_elements, erik_orc_2,
          serial_shops, shop
D:10:     minmay_sliced_demisemicircle, layout_basic, uniq_erolcha
D:11:     wad_statue_garden, layout_stronghold, grunt_lair_entry_orc_guard_hut
D:12:     layout_loops_ring, serial_rivers, chequers_serial_rivers_large_b,
          chequers_serial_rivers_marsh, chequers_serial_rivers_large_a,
          chequers_serial_rivers_micro_c, chequers_serial_rivers_micro_e,
          uniq_kirke
D:13:     layout_cave_pools, grunt_vaults_entry_fortified, gammafunk_ghost_arena
D:14:     layout_loops_cross, lemuel_crystal_altar, chequers_big_river,
          uniq_agnes
D:15:     gammafunk_depths_entry_grave, layout_long_grid,
          minmay_misc_feat_columns
Temple:   nicolae_temple_bog_church
Lair:1:   layout_roguey, infiniplex_staircase_pool
Lair:2:   layout_regular_city, st_stairs_3
Lair:3:   beast_lair_carwin_large_4, layout_long_grid,
          elwin_shoals_entry_stream, dummy_snake_entry, evilmike_ambush
          [evilmike_ambush_outer_basic, evilmike_ambush_inner_wall_1]
Lair:4:   layout_regular_city
Lair:5:   guppyfry_lair_end_dragon, layout_regular_city,
          hangedman_lair_caniforms_friends, nicolae_slime_entry_slimehenge
Shoals:1: layout_shoals, ebering_ghost_xom, nicolae_shoals_abyss_on_the_beach
Shoals:2: layout_shoals, serial_shops, nicolae_shop_crystal, uniq_polyphemus,
          uniq_ilsuiw
Shoals:3: layout_shoals, serial_shops, nicolae_shop_crystal,
          nicolae_shop_self_help, uniq_bai_suzhen
Shoals:4: shoals_end_hellmonk_storm_palace [storm_palace_center_ruins,
          storm_palace_corner_pillars, storm_palace_corner_blocked,
          storm_palace_corner_reverse_hut, storm_palace_corner_grid]
Snake:1:  layout_layer_cave, grunt_megastairs_5, lemuel_fruit_tree, uniq_azrael
Snake:2:  layout_misc_corridors, gammafunk_ghost_grave
Snake:3:  layout_cave_pods, special_room, serial_bayou_crossing,
          minmay_shoptagon
Snake:4:  snake_pit, layout_chambers, serial_shops,
          nicolae_shop_getting_attention, st_stairs_3, uniq_louise
Slime:1:  cheibrodos_slime_lost_civilization_10, layout_caves,
          cheibrodos_slime_lost_civilization_6
Slime:2:  layout_caves, nicolae_slime_barrier, nicolae_slime_phagocytosis,
          uniq_dissolution
Slime:3:  layout_caves
Slime:4:  layout_caves, nicolae_slime_rock_hall_of_fame
Slime:5:  slime_pit
Orc:1:    layout_caves, elves_outpost_lemuel
Orc:2:    st_orc_open, layout_caves
Elf:1:    layout_geoelf_octagon, hangedman_elf_disciples,
          minmay_misc_feat_ornament, hangedman_elf_simple_split,
          minmay_checkered_concentric_circles
Elf:2:    nicolae_elf_blades_crystal_corner, layout_geoelf_diagonals,
          serial_shops, shop, nicolae_shop_vocational, minmay_shop_star
Elf:3:    elf_hall, layout_rooms, portal_ice_cave_entry_dragon, serial_shops,
          nicolae_shop_rolled_up
Vaults:1: nicolae_vaults_border_crossing, vaults_mumra_hex, vaults_room_fours,
          v_rooms_3, ontoclasm_vaults_twist,
          nicolae_vaults_offset_grid_hallway_3, vaults_room_pools,
          nicolae_vaults_alarming, nicolae_vaults_little_guard_posts,
          ontoclasm_vaults_bender, layout_vaults_omnigrid
Vaults:2: hangedman_vaults_corner, v_misc_19, minmay_crypt_entry_nasty_monster,
          vaults_mumra_minichess, v_pattern_3, hangedman_vaults_river_flow,
          ontoclasm_vaults_ring_square, vaults_room_fancy_cross,
          nicolae_vaults_ring_of_whatevers, v_alt_pattern_5,
          vaults_room_semicircle, nicolae_vaults_gold_heap,
          nicolae_vaults_double_plus_1, layout_vaults_maze_snakey, serial_shops,
          shop
Vaults:3: v_misc_2, vaults_room_guarded_vault, nicolae_vaults_sightless_eye,
          nicolae_vaults_trapezoid_4, nicolae_vaults_network_star,
          hangedman_vaults_nodes, nicolae_vaults_mitosis, v_misc_11,
          grunt_vaults_bifocal, vaults_room_grid, v_misc_23,
          vaults_room_semicircle, layout_vaults_omnibox, serial_shops, shop,
          uniq_saint_roka
Vaults:4: vaults_mumra_bighexcomb, v_misc_12, nicolae_vaults_three_branches,
          nicolae_vaults_little_squares_5, hangedman_vaults_pinch,
          hangedman_vaults_maws, nicolae_vaults_asterisk,
          dpeg_vaults_monster_row, v_misc_30, nicolae_vaults_house_1,
          nicolae_vaults_oval_intersection, layout_vaults_big_cross,
          serial_shops, shop, uniq_xtahua
Vaults:5: serial_shops
Crypt:1:  evilmike_wizard_prison, layout_gridlike, lemuel_dead_fish_pool,
          nicolae_crypt_small_crypt, grunt_ministairs_15,
          grunt_crypt_arrival_guarded_gate
Crypt:2:  layout_chaotic_city, basic_altar
Crypt:3:  lightli_unholy_cathedral, layout_chaotic_city
Tomb:1
Tomb:2
Tomb:3
Depths:1: layout_small_grid, minmay_misc_feat_plants, hellmouth_1,
          grunt_pan_entry_in_and_out, nemelex_xobeh_ov_fountains_minmay
Depths:2: radiant_caverns_a_rkd, pan_entry, hell_entry
Depths:3: minmay_the_grid_triangle_9x9_recursive_3_mashed
          [minmay_the_grid_triangle_9x9_fully_insulated_deathbox,
          minmay_the_grid_triangle_9x9_cache,
          minmay_the_grid_triangle_9x9_negative_grid,
          minmay_the_grid_triangle_9x9_prize_insulated,
          minmay_the_grid_triangle_9x9_stretched_checkered,
          minmay_the_grid_triangle_9x9_flanged_cone,
          minmay_the_grid_triangle_9x9_descending_squares,
          minmay_the_grid_triangle_9x9_checkered,
          minmay_the_grid_triangle_9x9_zippers_horizontal], layout_cave_pools,
          abyss_entry, grunt_decor_cap, hangedman_geh_valley, special_room
          [special_room_morgue]
Depths:4: grunt_zot_entry_tricorne, layout_cross, hell_entry,
          minmay_misc_feat_more_columns, minmay_acid_items, minmay_shop_grove,
          serial_bayou_shore_b
Hell
Dis:1:    layout_gridville
Dis:2:    layout_jigsaw
Dis:3:    layout_jigsaw, lemuel_mystery_crypt
Dis:4:    layout_gridville, nicolae_dis_scattering
Dis:5:    layout_regular_city
Dis:6:    layout_subdivisions, nicolae_dis_step_into_the_octagon
Dis:7:    dis_st
Geh:1:    layout_gehenna_pools_basic
Geh:2:    layout_gehenna_pools_box
Geh:3:    layout_gehenna_pools_box, nicolae_hells_seeping_fissure
Geh:4:    nicolae_geh_split_lavaduct, layout_gehenna_lava_caves
Geh:5:    layout_gehenna_pools_box
Geh:6:    layout_gehenna_lava_caves
Geh:7:    geh_grunt
Coc:1:    layout_cocytus_water_paths
Coc:2:    layout_cocytus_delve
Coc:3:    layout_cocytus_water_paths
Coc:4:    layout_cocytus_water_paths
Coc:5:    layout_cocytus_water_paths
Coc:6:    nicolae_coc_on_the_berg
Coc:7:    coc_grunt_cove [coc_grunt_cove_antaeus, coc_grunt_cove_fiend,
          coc_grunt_cove_fiend, coc_grunt_cove_fiend, coc_grunt_cove_fiend]
Tar:1:    layout_catacombs
Tar:2:    layout_grid_maze
Tar:3:    layout_honeycomb, nicolae_hells_hurtin_island
Tar:4:    nicolae_tar_fifth_circle, layout_cathedral_of_symmetry
Tar:5:    layout_grid_maze, nicolae_tar_combbox
Tar:6:    layout_honeycomb
Tar:7:    tar_mu [tar_mu_maze]
Zot:1:    layout_onion, amethyst_zot_foddershock
Zot:2:    hangedman_zot_vaults_quadrants, layout_concentric_octagons
Zot:3:    layout_concentric_octagons, nzn_ghost_randoct
Zot:4:    layout_misc_corridors, grunt_megastairs_3
Zot:5:    layout_misc_corridors

Skill      XL: |  1  2  3  4  5  6  7  8  9 10 11 12 13 14 15 16 17 18 19 20 21 22 23 24 25 26 27 |
---------------+----------------------------------------------------------------------------------+-----
Polearms       | 3 4 5 6 8 9 10 12 13 14 | 14.0
Dodging        | 2 3 4 5 6 7 8 9 10 12 13 14 15 16 20 | 20.7
Fighting       | 4 5 6 7 8 9 10 11 12 13 14 15 17 19 20 27 | 27.0
Armour         | 3 4 5 6 7 9 10 11 14 15 16 18 19 25 | 25.9
Shields        | 1 2 3 4 12 15 20 | 20.0
Throwing       | 2 4 5 6 8 12 15 16 | 16.0
Evocations     | 2 4 6 9 13 15 17 20 27 | 27.0
Invocations    | 12 19 20 27 | 27.0
Axes           | 4 11 15 | 15.9
Spellcasting   | 8 13 | 13.0
Translocations | 6 12 | 12.0

Action                     |  1- 3 |  4- 6 |  7- 9 | 10-12 | 13-15 | 16-18 | 19-21 | 22-24 | 25-27 || total
---------------------------+-------+-------+-------+-------+-------+-------+-------+-------+-------++-------
  Melee: Spear             |   169 |   232 |   283 |       |       |       |       |       |       ||   684
         Halberd           |       |       |   124 |       |       |       |       |       |       ||   124
         Trident           |       |       |       |   608 |   561 |       |       |       |       ||  1169
         Demon trident     |       |       |       |       |  1205 |  2455 |  1890 |  2322 |  1216 ||  9088
         Broad axe         |       |       |       |       |       |       |       |       |  1112 ||  1112
         Trishula          |       |       |       |       |       |       |       |       |  5203 ||  5203
  Throw: Javelin           |       |       |       |     9 |       |       |    15 |    33 |    83 ||   140
         Boomerang         |       |       |       |       |    23 |    79 |    97 |    63 |    83 ||   345
         Dart              |       |       |       |       |       |       |       |       |     1 ||     1
         Throwing net      |       |       |       |       |       |       |       |       |     1 ||     1
   Cast: Apportation       |       |       |       |       |       |       |       |       |     8 ||     8
         Blink             |       |       |       |       |       |       |       |       |     7 ||     7
 Invoke: Berserk           |     1 |     1 |     5 |    12 |     2 |     5 |     6 |     8 |     2 ||    42
         Trog's Hand       |       |       |       |     2 |     7 |     2 |     7 |    12 |     7 ||    37
         Brothers in Arms  |       |       |       |       |       |     8 |     7 |     3 |     8 ||    26
         Divine Shield     |       |       |       |       |       |       |       |       |    10 ||    10
         Brand Weapon With |       |       |       |       |       |       |       |       |     1 ||     1
         Cleansing Flame   |       |       |       |       |       |       |       |       |   270 ||   270
         Summon Divine War |       |       |       |       |       |       |       |       |    37 ||    37
Ability: Evoke Blink       |       |       |       |       |       |       |       |     3 |     2 ||     5
  Evoke: Wand              |       |       |       |    17 |     8 |    16 |    20 |    17 |    33 ||   111
         Tin of tremorston |       |       |       |     1 |     2 |     6 |     7 |     6 |     7 ||    29
         Box of beasts     |       |       |       |       |       |       |       |       |     1 ||     1
         Phial of floods   |       |       |       |       |       |       |       |       |     1 ||     1
    Use: Potion            |       |       |     1 |       |     2 |     4 |     3 |     4 |    29 ||    43
         Scroll            |       |       |       |    20 |    16 |     7 |    12 |     5 |    51 ||   111
   Stab: Invisible         |       |       |     1 |       |       |     4 |       |    12 |    10 ||    27
         Confused          |       |       |       |       |     1 |       |       |       |       ||     1
         Paralysed         |       |       |       |       |     1 |     5 |    11 |       |       ||    17
         Distracted        |       |       |       |       |       |     5 |     1 |       |     1 ||     7
 Armour: Animal skin       |     5 |       |       |       |       |       |       |       |       ||     5
         Ring mail         |    63 |       |       |       |       |       |       |       |       ||    63
         Chain mail        |    10 |   101 |   220 |   135 |   669 |  1180 |   455 |       |       ||  2770
         Scale mail        |       |       |       |   220 |   177 |       |       |       |       ||   397
         Ice dragon scales |       |       |       |       |       |       |    39 |       |       ||    39
         Gold dragon scale |       |       |       |       |       |       |   246 |  1141 |  4288 ||  5675
  Dodge: Dodged            |   104 |    68 |   113 |   233 |   886 |   971 |   562 |   553 |  3121 ||  6611
  Block: Buckler           |       |    28 |    36 |   115 |       |       |       |       |       ||   179
         Kite shield       |       |       |       |     3 |   655 |   899 |   827 |  1146 |  5362 ||  8892
         Reflection        |       |       |       |       |       |       |       |     7 |    87 ||    94

Table legend: (Time is in decaauts)
 A = Elapsed time spent in this place.
 B = Non-inter-level travel time spent in this place.
 C = Inter-level travel time spent in this place.
 D = Time resting spent in this place.
 E = Time spent auto-exploring this place.
 F = Levels seen in this place.
 G = Mean time per level.
                   A        B        C        D        E       F      G
               +--------+--------+--------+--------+--------+-----+--------+
         Total |  83013 |  71299 |  11714 |   8064 |  22797 | 110 |  754.7 |
       Dungeon |  19614 |  15157 |   4457 |   1169 |   7340 |  15 | 1307.6 |
        Temple |     72 |     38 |     34 |      0 |      0 |   1 |   72.0 |
          Lair |   5970 |   4857 |   1113 |    331 |   1963 |   5 | 1194.0 |
        Shoals |   4168 |   3865 |    303 |    608 |    121 |   4 | 1042.0 |
     Snake Pit |   4644 |   4225 |    419 |    300 |   1701 |   4 | 1161.0 |
    Slime Pits |    920 |    920 |      0 |    118 |      0 |   5 |  184.0 |
  Orcish Mines |   1780 |   1427 |    353 |     83 |    528 |   2 |  890.0 |
   Elven Halls |   4047 |   3593 |    454 |    355 |   1656 |   3 | 1349.0 |
        Vaults |  10645 |   9046 |   1599 |   1165 |   3607 |   5 | 2129.0 |
         Crypt |   4307 |   3513 |    794 |    347 |   1117 |   3 | 1435.7 |
          Tomb |   2096 |   1651 |    445 |     85 |    318 |   3 |  698.7 |
        Depths |   6489 |   5699 |    790 |   1722 |    857 |   4 | 1622.2 |
          Hell |    768 |    631 |    137 |     50 |    245 |   1 |  768.0 |
           Dis |   1190 |   1190 |      0 |    301 |      0 |   7 |  170.0 |
       Gehenna |    863 |    863 |      0 |      2 |      0 |   7 |  123.3 |
       Cocytus |    878 |    878 |      0 |     39 |      0 |   7 |  125.4 |
      Tartarus |   1031 |    776 |    255 |     71 |      0 |   7 |  147.3 |
           Zot |   8637 |   8082 |    555 |    998 |   3264 |   5 | 1727.4 |
         Abyss |   1255 |   1255 |      0 |      0 |      0 |   4 |  313.8 |
   Pandemonium |   3423 |   3423 |      0 |    313 |     77 |  17 |  201.4 |
      Ice Cave |    209 |    209 |      0 |      0 |      0 |   1 |  209.0 |
               +--------+--------+--------+--------+--------+-----+--------+

Top non-repeatable levels by time:
Vaults:5: 3135 daAuts
   Zot:5: 2819 daAuts
Vaults:1: 2556 daAuts
Depths:4: 2228 daAuts
 Crypt:1: 2213 daAuts
     D:9: 2198 daAuts
    D:11: 1999 daAuts
   Elf:1: 1908 daAuts
Vaults:4: 1894 daAuts
    D:10: 1859 daAuts
   Zot:1: 1798 daAuts
Depths:2: 1733 daAuts
 Snake:4: 1705 daAuts
Vaults:2: 1676 daAuts
     D:5: 1640 daAuts

Action                     |  1- 3 |  4- 6 |  7- 9 | 10-12 | 13-15 | 16-18 | 19-21 | 22-24 | 25-27 || total
---------------------------+-------+-------+-------+-------+-------+-------+-------+-------+-------++-------
  Melee: Spear             |   169 |   232 |   283 |       |       |       |       |       |       ||   684
         Halberd           |       |       |   124 |       |       |       |       |       |       ||   124
         Trident           |       |       |       |   608 |   561 |       |       |       |       ||  1169
         Demon trident     |       |       |       |       |  1205 |  2455 |  1890 |  2322 |  1216 ||  9088
         Broad axe         |       |       |       |       |       |       |       |       |  1112 ||  1112
         Trishula          |       |       |       |       |       |       |       |       |  5203 ||  5203
  Throw: Javelin           |       |       |       |     9 |       |       |    15 |    33 |    83 ||   140
         Boomerang         |       |       |       |       |    23 |    79 |    97 |    63 |    83 ||   345
         Dart              |       |       |       |       |       |       |       |       |     1 ||     1
         Throwing net      |       |       |       |       |       |       |       |       |     1 ||     1
   Cast: Apportation       |       |       |       |       |       |       |       |       |     8 ||     8
         Blink             |       |       |       |       |       |       |       |       |     7 ||     7
 Invoke: Berserk           |     1 |     1 |     5 |    12 |     2 |     5 |     6 |     8 |     2 ||    42
         Trog's Hand       |       |       |       |     2 |     7 |     2 |     7 |    12 |     7 ||    37
         Brothers in Arms  |       |       |       |       |       |     8 |     7 |     3 |     8 ||    26
         Divine Shield     |       |       |       |       |       |       |       |       |    10 ||    10
         Brand Weapon With |       |       |       |       |       |       |       |       |     1 ||     1
         Cleansing Flame   |       |       |       |       |       |       |       |       |   270 ||   270
         Summon Divine War |       |       |       |       |       |       |       |       |    37 ||    37
Ability: Evoke Blink       |       |       |       |       |       |       |       |     3 |     2 ||     5
  Evoke: Wand              |       |       |       |    17 |     8 |    16 |    20 |    17 |    33 ||   111
         Tin of tremorston |       |       |       |     1 |     2 |     6 |     7 |     6 |     7 ||    29
         Box of beasts     |       |       |       |       |       |       |       |       |     1 ||     1
         Phial of floods   |       |       |       |       |       |       |       |       |     1 ||     1
    Use: Potion            |       |       |     1 |       |     2 |     4 |     3 |     4 |    29 ||    43
         Scroll            |       |       |       |    20 |    16 |     7 |    12 |     5 |    51 ||   111
   Stab: Invisible         |       |       |     1 |       |       |     4 |       |    12 |    10 ||    27
         Confused          |       |       |       |       |     1 |       |       |       |       ||     1
         Paralysed         |       |       |       |       |     1 |     5 |    11 |       |       ||    17
         Distracted        |       |       |       |       |       |     5 |     1 |       |     1 ||     7
 Armour: Animal skin       |     5 |       |       |       |       |       |       |       |       ||     5
         Ring mail         |    63 |       |       |       |       |       |       |       |       ||    63
         Chain mail        |    10 |   101 |   220 |   135 |   669 |  1180 |   455 |       |       ||  2770
         Scale mail        |       |       |       |   220 |   177 |       |       |       |       ||   397
         Ice dragon scales |       |       |       |       |       |       |    39 |       |       ||    39
         Gold dragon scale |       |       |       |       |       |       |   246 |  1141 |  4288 ||  5675
  Dodge: Dodged            |   104 |    68 |   113 |   233 |   886 |   971 |   562 |   553 |  3121 ||  6611
  Block: Buckler           |       |    28 |    36 |   115 |       |       |       |       |       ||   179
         Kite shield       |       |       |       |     3 |   655 |   899 |   827 |  1146 |  5362 ||  8892
         Reflection        |       |       |       |       |       |       |       |     7 |    87 ||    94
